 Dungeon Crawl Stone Soup version 0.16-a0-212-g3ed950e (webtiles) character file.

654813 MRaven the Intangible (level 27, -5/157 HPs)
             Began as a Spriggan Chaos Knight on Aug 13, 2014.
             Was a Favourite Plaything of Xom.
             Killed by an exploding ball lightning (7 damage)
             ... summoned by the power of Zot
             ... on Level 5 of the Realm of Zot on Aug 18, 2014.
             The game lasted 11:58:28 (99338 turns).

MRaven the Intangible (Spriggan Chaos Knight)      Turns: 99338, Time: 11:58:29

HP  -5/157       AC  8     Str 10      XL: 27
MP  36/36        EV 50     Int 16      God: Xom
Gold 7133        SH 10     Dex 35      Spells: 13 memorised,  2 levels left

rFire  + . .     SeeInvis +     m - +6 short sword (speed)
rCold  + + .     Rnd*Rage +     z - +0 robe of the New World {+Fly rPois MR+ Str+2 Dex+2 Slay+5 Stlth+}
rNeg   . . .     rCorr    .     Z - +2 buckler of the Present {+Rage rElec Dex+4 Int-1 Slay+5}
rPois  +         rRot     .     (helmet restricted)
rElec  +         Spirit   .     v - +2 cloak {+Inv}
SustAb +         Warding  .     (gloves unavailable)
rMut   +         Stasis   .     (boots unavailable)
Gourm  .                        V - amulet of resist mutation
MR     +++++                    T - ring of sustain abilities
                                F - ring of the Eagle {rElec rPois Regen}

@: very slightly contaminated, repel missiles, invisible, very quick, almost
entirely resistant to hostile enchantments, uncannily stealthy
A: unfitting armour, claws 1, hooves 3, horns 1, repulsion field 1, slimy green
scales 1, thin metallic scales 1, camouflage 1, see invisible, agile 1, berserk
1, clever 1, cold resistance 2, deformed body, fire resistance 1, herbivore 3,
speed 3, low mp 2, screaming 1, slow metabolism 2, wild magic 1, forlorn
a: Renounce Religion, Evoke Berserk Rage, Evoke Flight
}: 3/15 runes: decaying, serpentine, silver


You were on level 5 of the Realm of Zot.
You worshipped Xom.
You were a very special plaything of Xom.
You were full.

You visited 10 branches of the dungeon, and saw 58 of its levels.
You also visited: Trove, Bailey, Ice Cave and Volcano.

You collected 8445 gold pieces.
You spent 1312 gold pieces at shops.

Inventory:

Hand weapons
 m - a +6 short sword of speed (weapon)
 u - a +3 short sword of holy wrath
Armour
 v - a +2 cloak of darkness (worn)
 z - the +0 robe of the New World (worn) {+Fly rPois MR+ Str+2 Dex+2 Slay+5 Stlth+}
   (You found it in a treasure trove)

   It affects your strength (+2).
   It affects your dexterity (+2).
   It affects your accuracy and damage with ranged weapons and melee attacks
   (+5).
   It protects you from poison.
   It affects your resistance to hostile enchantments.
   It lets you fly.
   It makes you more stealthy.
 A - a +2 robe of resistance
 O - a +2 robe of positive energy
 Z - the +2 buckler of the Present (worn) {+Rage rElec Dex+4 Int-1 Slay+5}
   (You found it on level 5 of the Vaults)

   It affects your intelligence (-1).
   It affects your dexterity (+4).
   It affects your accuracy and damage with ranged weapons and melee attacks
   (+5).
   It insulates you from electricity.
   It lets you go berserk.
Magical devices
 q - a wand of teleportation (2)
 B - a wand of cold (3)
 L - a wand of fireball (2)
 Y - a wand of teleportation (4)
Comestibles
 f - 13 bread rations
Scrolls
 c - 2 scrolls of silence
 g - 12 scrolls of amnesia
 i - 3 scrolls of teleportation
 j - 7 scrolls of fog
 k - 4 scrolls of vulnerability
 l - 18 scrolls of magic mapping
 x - 24 scrolls of remove curse
 y - 9 scrolls of enchant armour
 E - 5 scrolls of recharging
 K - 3 scrolls of identify
 N - a scroll of blinking
 Q - 8 scrolls of fear
 S - a scroll of summoning
Jewellery
 b - a +3 ring of dexterity
 d - an uncursed amulet of resist corrosion
 n - the amulet of the Original Sin {Ward +Fly rElec rN+ Int+1 SInv Stlth+}
   (You found it in a treasure trove)

   [amulet of warding]

   It may prevent the melee attacks of summoned creatures.
   It affects your intelligence (+1).
   It insulates you from electricity.
   It protects you from negative energy.
   It enhances your eyesight.
   It lets you fly.
   It makes you more stealthy.
 t - an uncursed ring of flight
 D - an uncursed amulet of clarity
 F - the ring of the Eagle (left claw) {rElec rPois Regen}
   (You found it on level 15 of the Dungeon)

   [ring of regeneration]

   It insulates you from electricity.
   It protects you from poison.
   It increases your rate of regeneration.
 P - an uncursed amulet of guardian spirit
 T - a ring of sustain abilities (right claw)
 V - an amulet of resist mutation (around neck)
Potions
 a - 8 potions of restore abilities
 e - a potion of haste
 h - 15 potions of curing
 o - a potion of berserk rage
 r - 2 potions of invisibility
 s - a potion of cancellation
 w - 4 potions of flight
 G - 2 potions of agility
 H - 7 potions of brilliance
 R - a potion of magic
 W - 3 potions of might
 X - 6 potions of resistance
Books
 p - a book of Maledictions

   Spells                             Type                      Level
   Corona                             Hexes                        1
   Sure Blade                         Hexes/Charms                 2
   *Ensorcelled Hibernation           Hexes/Ice                    2
   *Confuse                           Hexes                        3
   *Dazzling Spray                    Conjuration/Hexes            3
   Enslavement                        Hexes                        4
 C - a Necronomicon {highlevel}

   This book is beyond your current level of understanding.

   Spells                             Type                      Level
   Haunt                              Necromancy/Summoning         7
   Borgnjor's Revivification          Necromancy                   8
   Death's Door                       Charms/Necromancy            8
   Necromutation                      Transmutation/Necromancy     8
 I - a book of Cantrips

   Spells                             Type                      Level
   Corona                             Hexes                        1
   Animate Skeleton                   Necromancy                   1
   Summon Small Mammal                Summoning                    1
   Apportation                        Translocation                1


   Skills:
 * Level 20.3 Fighting
 + Level 20.8 Short Blades
 O Level 27 Dodging
 O Level 27 Stealth
 - Level 13.7 Spellcasting
 - Level 23.4 Hexes
 - Level 15.5 Charms
 - Level 10.0 Evocations


You had 2 spell levels left.
You knew the following spells:

 Your Spells              Type           Power        Failure   Level  Hunger
a - Confusing Touch       Hex            ######       1%          2    None
b - Confuse               Hex            #######.     1%          3    None
c - Invisibility          Hex            #######.     1%          6    ######.
d - Cause Fear            Hex            #######...   1%          4    ##.....
e - Tukima's Dance        Hex            #######.     1%          3    None
f - Silence               Hex/Air        ######....   4%          5    ####...
g - Discord               Hex            #######...   11%         8    #######
h - Leda's Liquefaction   Hex/Erth       ######....   3%          4    ##.....
i - Repel Missiles        Chrm/Air       ######       2%          2    None
j - Spectral Weapon       Hex/Chrm       #######.     1%          3    None
k - Haste                 Chrm           ######..     5%          6    ######.
l - Ensorcelled Hibernat  Hex/Ice        ######       1%          2    None
m - Dazzling Spray        Conj/Hex       ######..     1%          3    None


Dungeon Overview and Level Annotations

Branches:
Dungeon (15/15)            Temple (0/1) D:6             Orc (4/4) D:11
    Elf (3/3) Orc:4          Lair (8/8) D:10          Swamp (5/5) Lair:3
  Snake (5/5)               Slime (0/6) Lair:8       Vaults (5/5) D:14
  Crypt (3/3) Vaults:3       Tomb (0/3) Crypt:3      Depths (5/5) D:15
    Zot (5/5) Depths:5

Altars:
Ashenzari
Cheibriados
Elyvilon
Fedhas
Kikubaaqudgha
Makhleb
Nemelex Xobeh
Okawaru
Xom
The Shining One
Jiyva

Shops:
D:8 (   D:9 ?   D:13 (   Orc:4 (%=%   Elf:1 :   Elf:2 [[*!(   Vaults:2 (
Vaults:3 :[   Depths:3 :

Portals:
Hell: Depths:1 Depths:2 Depths:3 Depths:4 Depths:5
Abyss: Depths:3 Depths:4
Pandemonium: Depths:1 Depths:3 Depths:5
Ziggurat: Depths:2


Innate Abilities, Weirdness & Mutations

You are tiny and cannot use many weapons and most armour.
You have supernaturally acute eyesight.
You are a herbivore.
You cover ground extremely quickly.
You need consume almost no food.
You have sharp fingernails.
You have hooves in place of feet.
You have a pair of small horns on your head.
You are surrounded by a mild repulsion field (EV +2).
You are partially covered in slimy green scales (AC +2).
You are partially covered in thin metallic scales (AC +2).
Your skin changes colour to match your surroundings (Stealth).
You are agile. (Dex +2)
You tend to lose your temper in combat.
Your mind is acute. (Int +2)
Your flesh is very cold resistant.
Armour fits poorly on your strangely shaped body.
Your flesh is heat resistant.
Your magical capacity is very low (-20% MP).
You occasionally shout uncontrollably at your foes.
Your spells are a little harder to cast, but a little more powerful.
You have difficulty communicating with the divine.


Message History

The scroll dissolves into smoke.
The power of Zot is invoked against you!
A ball of electricity appears!
The orb of fire glows red.
The fireball explodes!
The fireball engulfs you! You resist.
* * * LOW HITPOINT WARNING * * *
Xom roars with laughter!
The fireball engulfs the ball lightning.
The ball lightning completely resists.
A ball lightning comes into view.
You shout at the ball lightning!
Drink which item? (? for menu, Esc to quit)
Okay, then.
The electric golem throws lightning at you.
The bolt of lightning hits the ball lightning.
The ball lightning completely resists.
The bolt of lightning misses you.
The ball lightning explodes!
The blast of lightning engulfs you! You resist.
You die...
Xom laughs nastily!

.......d...
.........yd
▓...p..... ▓......*d
▓▓$..*.##▓▓▓▓▓▓▓▓▓
##.§...............
##.§8§......^.....##
##.§§§§§.....^......#
#..^@§§........%[....
#...^§§....).........
#....................
#.........^.........(
#....................
#.........^..........
##..................#
##................##
##..............##


You could see an electric golem.

Vanquished Creatures
  An orb of fire (Zot:4)
  5 ancient liches
  Boris (twice) (Vaults:3 Crypt:1)
  the Lernaean hydra (Swamp:5)
  A Killer Klown (Zot:5)
  The ghost of haldagan the Brawler, a great TrMo of Cheibriados (Vaults:5)
  5 golden dragons
  Jory (Vaults:3)
  Xtahua (Crypt:2)
  3 bone dragons
  15 tentacled monstrosities
  A titan (shapeshifter) (Zot:1)
  4 quicksilver dragons
  6 titans
  2 deep elf blademasters (Elf:3)
  8 acid blobs
  2 deep elf master archers (Elf:3)
  8 Orb Guardians (Zot:5)
  14 storm dragons
  5 liches
  6 sphinxes
  6 thorn hunters
  Rupert (D:15)
  Agnes (Vaults:4)
  Frances (Snake:1)
  7 ancient champions
  8 tengu reavers
  4 shadow dragons
  2 draconian monks (Zot:5)
  Roxanne (D:14)
  2 revenants
  Donald (Vaults:1)
  14 fire giants
  An azure jelly (Depths:5)
  6 iron dragons
  17 vault wardens
  7 greater nagas
  13 frost giants
  4 draconian scorchers
  A draconian zealot (Depths:5)
  7 deep elf sorcerers
  2 emperor scorpions
  2 ghost moths
  2 ghouls
  7 draconian annihilators
  3 draconian knights
  3 spriggan defenders
  Jorgrun (Snake:5)
  4 vampire knights
  6 draconian shifters
  A curse skull (Crypt:1)
  A grey draconian (shapeshifter) (Depths:4)
  10 deep elf demonologists
  4 green draconians
  2 draconian callers (Zot:5)
  9 very ugly things
  22 stone giants
  6 grey draconians
  A lorocyproca (Depths:5)
  8 mottled draconians
  6 dire elephants
  6 pale draconians
  Azrael (Snake:4)
  8 deep elf annihilators
  6 black draconians
  4 purple draconians
  A mottled draconian (shapeshifter) (Snake:4)
  6 white draconians
  14 yellow draconians
  4 red draconians
  2 eidola
  4 death oozes (Depths:5)
  A large abomination (Elf:3)
  15 fire dragons
  7 deep elf death magi
  9 vault guards
  2 minotaurs
  13 ettins
  16 ironheart preservers
  4 death cobs
  Josephine (D:15)
  9 yaktaur captains
  6 deep elf high priests
  7 jiangshi
  17 great orbs of eyes
  22 hydras
  3 rakshasas
  10 ice dragons
  10 naga warriors
  8 spriggan air magi
  16 ogre magi
  2 quicksilver dragon skeletons
  3 shambling mangroves
  Erica (D:13)
  A siren (Depths:1)
  A ghost crab (shapeshifter) (Vaults:5)
  16 anacondas
  2 death knights
  17 death yaks
  9 deep troll earth magi
  13 deep troll shamans
  The ghost of ciphuk the Martial Artist, an experienced DrTm of Makhleb (Lair:1)
  7 alligators
  4 tengu warriors
  5 vampire magi
  15 centaur warriors
  7 spriggan berserkers
  A titan zombie (Crypt:3)
  The ghost of Sick the Grappler, an experienced TrMo of Makhleb (Bailey)
  A sun demon (Elf:3)
  6 orc high priests
  A soul eater (Crypt:3)
  9 naga sharpshooters
  3 shadow wraiths
  8 shock serpents
  6 hell knights
  Nergalle (D:12)
  A catoblepas (Depths:4)
  4 iron trolls
  4 titan skeletons
  4 sea snakes
  50 skeletal warriors
  An unseen horror (shapeshifter) (Vaults:1)
  4 salamander mystics
  A death drake (Elf:3)
  4 unseen horrors
  3 giant orange brains
  A storm dragon skeleton (Crypt:3)
  13 swamp dragons
  13 deep elf knights
  A golden dragon zombie (Crypt:1)
  12 harpies
  26 deep trolls
  3 flayed ghosts
  A quicksilver dragon simulacrum (Vaults:5)
  A ghost moth zombie (Crypt:1)
  9 naga ritualists
  10 hill giants
  5 ice statues
  A swamp dragon (shapeshifter) (Vaults:5)
  13 ironbrand convokers
  8 necromancers
  14 deep elf summoners
  A shadow dragon zombie (Crypt:1)
  17 deep elf conjurers
  10 wizards
  A statue (Volcano)
  2 orc sorcerers
  7 red wasps
  40 ugly things
  2 oklob plants (Zot:1)
  5 wolf spiders
  2 fire giant zombies
  9 phantasmal warriors
  10 griffons
  8 mana vipers
  17 orc knights
  11 salamanders
  A griffon (shapeshifter) (Depths:1)
  2 octopodes (shapeshifter)
  9 cyclopes
  A faun (Lair:1)
  A draconian zombie (Zot:1)
  12 moths of wrath
  47 black mambas
  3 stone giant skeletons
  A toenail golem (Volcano)
  A sixfirhy (Orc:4)
  3 manticores
  An iron dragon skeleton (Crypt:3)
  An eye of devastation (Zot:5)
  3 frost giant skeletons (Crypt:3)
  3 molten gargoyles (Elf:2)
  2 fire giant skeletons
  21 elephants
  An elephant (shapeshifter) (Snake:1)
  18 naga magi
  19 guardian serpents
  A spiny frog (shapeshifter) (Depths:4)
  2 torpor snails
  9 vault sentinels
  54 yaktaurs
  4 gargoyles
  A smoke demon (Depths:5)
  Psyche (D:9)
  A black draconian zombie (Crypt:3)
  A dire elephant skeleton (Crypt:1)
  A redback zombie (Crypt:2)
  5 spectral swamp worms (Depths:3)
  22 spiny frogs
  2 yaktaur zombies
  An elf (shapeshifter) (Vaults:5)
  A spectral catoblepas (Crypt:3)
  11 deep elf priests
  3 kobold demonologists (Vaults:2)
  A tengu conjurer (D:14)
  11 freezing wraiths
  A death yak skeleton (Crypt:1)
  3 wind drakes (Elf:2)
  A harpy zombie (Crypt:3)
  5 komodo dragons
  A silent spectre (Crypt:3)
  3 jumping spiders
  4 fire drakes
  Sonja (D:11)
  A hydra skeleton (D:15)
  5 trolls
  3 baby alligators (Swamp:2)
  9 polar bears
  A raiju (shapeshifter) (Depths:3)
  16 blink frogs
  3 fire vortices (Elf:2)
  10 blue devils
  A moth of wrath zombie (Crypt:2)
  A mana viper skeleton (Crypt:1)
  A queen bee (Snake:2)
  39 slime creatures
  19 two-headed ogres
  A griffon zombie (Vaults:3)
  9 boulder beetles
  An ettin zombie (Crypt:3)
  8 bog bodies
  19 ravens
  An ice dragon zombie (D:15)
  7 giant leeches
  3 trapdoor spiders (shapeshifter)
  An alligator zombie (Crypt:2)
  8 spriggans
  7 basilisks
  A tarantella (shapeshifter) (D:15)
  A trapdoor spider (Lair:8)
  4 wyverns
  2 fire dragon skeletons
  5 tarantellas
  4 water elementals
  A basilisk (shapeshifter) (Vaults:3)
  6 hogs (Lair:8)
  14 redbacks
  A neqoxec (Depths:5)
  2 ettin skeletons (Crypt:3)
  A golden eye (Snake:2)
  8 flying skulls
  A human (shapeshifter) (Vaults:5)
  11 wraiths
  11 air elementals
  2 elf zombies
  7 shadows
  20 vampire mosquitoes
  A ynoxinul (Depths:5)
  Eustachio (D:5)
  21 deep elf magi
  2 fire bats (Volcano)
  A golden eye (shapeshifter) (Vaults:5)
  48 yaks
  7 hippogriffs
  Grum (Orc:3)
  A hungry ghost (D:15)
  A chaos spawn (Depths:5)
  2 elf skeletons
  A steam dragon (Lair:7)
  5 vampires
  21 deep elf fighters
  A soldier ant (D:15)
  A hippogriff (shapeshifter) (D:15)
  22 swamp worms
  6 fire elementals
  3 spatial vortices
  12 wargs
  A gelid demonspawn zombie (Crypt:3)
  A hydra simulacrum (D:14)
  A porcupine (shapeshifter) (Lair:2)
  A torturous demonspawn zombie (Crypt:1)
  15 wolves
  5 mottled dragons
  36 water moccasins
  A spiny frog zombie (Crypt:2)
  34 orc warriors
  A water nymph skeleton (Crypt:1)
  62 nagas
  12 porcupines
  A deep dwarf (shapeshifter) (Depths:4)
  A mermaid zombie (Crypt:2)
  9 swamp drakes
  7 black bears
  A small abomination (Elf:3)
  16 ice beasts
  9 hell hounds
  A snapping turtle zombie (Crypt:1)
  2 black bears (shapeshifter)
  2 necrophages
  8 yellow wasps
  9 boggarts
  2 swamp dragon skeletons (Crypt:3)
  2 phantoms
  4 sky beasts
  2 human zombies
  2 snapping turtle skeletons
  An ettin simulacrum (Vaults:1)
  13 centaurs
  A lindwurm skeleton (Crypt:2)
  56 ogres
  2 human simulacra
  4 boring beetles
  3 big kobolds (Vaults:2)
  3 brain worms
  10 crocodiles
  3 lost souls
  2 elf simulacra
  21 giant frogs
  A cyclops zombie (D:15)
  A deep troll simulacrum (Vaults:5)
  4 insubstantial wisps (Swamp:3)
  6 earth elementals (Elf:2)
  A komodo dragon skeleton (D:11)
  5 scorpions
  3 cyclops skeletons
  A boulder beetle zombie (Crypt:3)
  2 wyvern skeletons (D:15)
  A polar bear zombie (Crypt:1)
  A yak zombie (D:10)
  A tengu zombie (D:15)
  13 killer bees
  8 quasits
  16 wights
  3 lava snakes (Volcano)
  6 electric eels
  18 crimson imps
  A giant frog zombie (D:9)
  2 goliath beetles
  4 draconian simulacra (IceCv)
  5 iron imps
  26 jellies
  19 hounds
  25 orc priests
  21 orc wizards
  6 iguanas
  18 worker ants
  2 orange rats
  A troll simulacrum (IceCv)
  A sky beast zombie (D:12)
  A spriggan simulacrum (IceCv)
  A brain worm zombie (Crypt:1)
  A mottled dragon zombie (D:15)
  19 sheep
  2 ogre skeletons
  A mummy (D:12)
  3 ogre simulacra (IceCv)
  7 gnolls
  An orange rat zombie (Crypt:1)
  A swamp drake zombie (Crypt:2)
  72 green rats
  A naga simulacrum (IceCv)
  17 shadow imps
  23 adders
  3 giant mites
  2 orc skeletons
  3 white imps
  3 worms (D:2)
  5 ufetubi
  An adder zombie (D:5)
  An iguana skeleton (Crypt:3)
  A lava snake zombie (Crypt:3)
  An iguana zombie (D:8)
  A lava snake skeleton (Crypt:2)
  2 giant eyeballs (D:15)
  6 giant geckos
  12 oozes
  135 orcs
  2 ball pythons
  20 bats
  3 giant cockroaches
  21 goblins
  22 hobgoblins
  15 jackals
  10 quokkas
  A giant mite zombie (Crypt:2)
  4 giant newts
  2 giant spores
  2 goblin skeletons (D:4)
  A hobgoblin skeleton (D:4)
  A jackal skeleton (Crypt:3)
  3 jackal zombies
  21 kobolds
  A kobold skeleton (D:3)
  4 orc zombies
  11 rats
  A rat skeleton (D:5)
  10 ballistomycetes
  A briar patch (Swamp:5)
  5 crawling corpses
  2 fungi
2831 creatures vanquished.

Vanquished Creatures (collateral kills)
  Saint Roka (Vaults:1)
  Asterion (Snake:1)
  A titan (Vaults:5)
  A tengu reaver (Vaults:5)
  3 greater nagas (Snake:5)
  A draconian knight (Zot:4)
  A draconian scorcher (Zot:4)
  An iron dragon (Vaults:5)
  A frost giant (Vaults:5)
  A spriggan defender (Depths:5)
  A stone giant (Vaults:5)
  A draconian shifter (Zot:4)
  A grey draconian (Zot:4)
  2 pale draconians (Zot:4)
  A white draconian (Zot:4)
  A deep elf death mage (Elf:3)
  A black draconian (Zot:4)
  A great orb of eyes (Depths:1)
  17 vault guards
  An alligator (Swamp:3)
  3 death yaks (Lair:4)
  A spriggan berserker (Depths:1)
  A naga ritualist (Snake:5)
  A flayed ghost (Vaults:4)
  A hill giant (Vaults:1)
  An ironbrand convoker (Vaults:4)
  2 harpies (Vaults:4)
  An ugly thing (Vaults:4)
  An oklob plant (Lair:3)
  2 salamanders (Snake:5)
  An elephant (Lair:6)
  A cyclops (D:15)
  A black mamba (Snake:1)
  A vault sentinel (Vaults:1)
  A guardian serpent (Snake:5)
  5 yaktaurs
  A baby alligator (Swamp:5)
  A slime creature (Vaults:1)
  A boulder beetle (Vaults:4)
  3 two-headed ogres (Vaults:4)
  A shadow (D:15)
  A yak (Lair:8)
  3 hogs (Lair:8)
  The ghost of WildSam the Insei, an average DsMo (D:3)
  A wolf (Lair:8)
  2 nagas (Snake:2)
  A steam dragon (Zot:4)
  A hell hound (Lair:8)
  A porcupine (Lair:4)
  A water moccasin (Snake:1)
  4 ice beasts
  3 phantoms
  A centaur (D:5)
  7 ogres
  A yaktaur skeleton (D:13)
  A scorpion (D:5)
  A jelly (Zot:1)
  A goliath beetle (D:9)
  An iron imp (Vaults:1)
  A hound (Lair:8)
  2 adders
  2 shadow imps
  A white imp (D:13)
  An ufetubus (Vaults:4)
  7 orcs
  A briar patch (Swamp:5)
  3 crawling corpses (Elf:3)
  A fungus (Lair:8)
  3 plants (Lair:3)
124 creatures vanquished.

Vanquished Creatures (others)
  An acid blob (Zot:1)
  An Orb Guardian (Zot:5)
  A tengu reaver (Vaults:5)
  A fire giant (Depths:4)
  A spectral weapon (Crypt:3)
  A greater naga (Snake:5)
  A draconian caller (Zot:4)
  2 grey draconians (Zot:4)
  A red draconian (Zot:4)
  6 vault guards (Vaults:5)
  A minotaur (Depths:1)
  A deep elf high priest (Vaults:5)
  A hydra (Swamp:4)
  An anaconda (Snake:1)
  10 dancing weapons
  A spriggan (Depths:5)
  An ice devil (D:15)
  A harpy (Lair:8)
  2 black mambas (Snake:1)
  5 naga magi
  3 komodo dragons
  2 ball lightnings (Elf:3)
  2 yaktaurs
  A troll (Vaults:1)
  An ice beast (D:14)
  2 blue devils
  2 two-headed ogres
  A blink frog (Lair:4)
  A flying skull (Crypt:3)
  A redback (Vaults:5)
  An air elemental (Depths:5)
  A ynoxinul (D:15)
  A deep elf fighter (Elf:1)
  4 wolves
  A mottled dragon (D:15)
  A naga (Snake:5)
  2 orc warriors (Vaults:5)
  A yellow wasp (Depths:5)
  2 ogres (Depths:1)
  10 lost souls
  15 crimson imps
  4 jellies (Zot:1)
  26 quasits
  A hound (Lair:8)
  29 iron imps
  A sheep (Lair:7)
  2 green rats (Lair:4)
  39 shadow imps
  34 white imps
  28 ufetubi
  An orc (Vaults:5)
  3 giant spores
  A ballistomycete (D:14)
  3 briar patches
  A bush (Lair:8)
  7 butterflies
  14 fungi
  11 plants
300 creatures vanquished.

Grand Total: 3255 creatures vanquished

Notes
Turn   | Place    | Note
--------------------------------------------------------------
     0 | D:1      | MRaven, the Spriggan Chaos Knight, began the quest for the Orb.
     0 | D:1      | Reached XP level 1. HP: 11/11 MP: 2/2
     6 | D:1      | XOM: divination: magic mapping
    37 | D:1      | XOM: swap monsters
    71 | D:1      | Reached skill level 4 in Dodging
    71 | D:1      | Reached XP level 2. HP: 13/16 MP: 4/4
   505 | D:1      | Reached skill level 1 in Stealth
   796 | D:1      | Reached XP level 3. HP: 19/19 MP: 6/6
   961 | D:1      | XOM: give mutations
   961 | D:1      | Gained mutation: You have a pair of small horns on your head. [Xom's grace]
   961 | D:1      | Gained mutation: You can translocate small distances at will. [Xom's grace]
  1506 | D:2      | Reached skill level 5 in Dodging
  1548 | D:2      | Reached XP level 4. HP: 23/23 MP: 8/8
  1783 | D:2      | XOM: enchant monster (good)
  2038 | D:2      | XOM: vitrification
  2345 | D:3      | Reached XP level 5. HP: 28/28 MP: 10/10
  2721 | D:3      | XOM: god gift: 18 arrows of flame
  2792 | D:3      | Noticed WildSam's ghost (average DsMo)
  2800 | D:3      | XOM: confuse monster(s)
  2811 | D:3      | XOM: cast spell 'Call Canine Familiar'
  2818 | D:3      | Killed WildSam's ghost
  2818 | D:3      | Reached skill level 6 in Dodging
  2858 | D:3      | Reached XP level 6. HP: 26/32 MP: 12/12
  2934 | D:3      | XOM: 5-stop teleportation journey
  3258 | D:4      | XOM: god gift: shimmering robe {god gift}
  3261 | D:4      | Got a shimmering robe {god gift}
  3273 | D:4      | Identified the +2 robe of Autumn {rC+ Slay-4} (Xom gifted it to you on level 4 of the Dungeon)
  3337 | D:4      | Reached skill level 7 in Dodging
  3625 | D:4      | XOM: mild Tloc miscast
  3757 | D:4      | XOM: swap monsters
  3794 | D:4      | XOM: enchant monster (good)
  3838 | D:4      | XOM: noise
  3851 | D:4      | XOM: mild Tloc miscast
  3881 | D:4      | Reached skill level 5 in Stealth
  4068 | D:4      | XOM: colour smoke trail
  4331 | D:4      | XOM: summons friendly crimson imp
  4346 | D:4      | Reached skill level 8 in Dodging
  4346 | D:4      | Reached XP level 7. HP: 36/36 MP: 14/14
  4378 | D:4      | XOM: harmless Pois miscast
  4554 | D:5      | Entered Level 5 of the Dungeon
  4585 | D:5      | XOM: cast spell 'Spider Form'
  4617 | D:5      | XOM: confuse monster(s)
  4625 | D:5      | XOM: enchant monster (good)
  4628 | D:5      | Reached skill level 5 in Short Blades
  4797 | D:5      | XOM: harmless Fire miscast
  4802 | D:5      | XOM: noise
  4811 | D:5      | Reached skill level 1 in Evocations
  4885 | D:5      | XOM is BORED!
  4885 | D:5      | XOM: medium Erth miscast
  5138 | D:5      | XOM: confuse monster(s)
  5371 | D:5      | Reached skill level 5 in Evocations
  5515 | D:5      | XOM: mild Erth miscast
  5567 | D:5      | Noticed Eustachio
  5572 | D:5      | Reached XP level 8. HP: 40/40 MP: 19/21
  5578 | D:5      | Killed Eustachio
  5603 | D:5      | Found a white marble altar of Elyvilon.
  5603 | D:5      | Found a sparkling altar of Nemelex Xobeh.
  5604 | D:5      | Found a shimmering altar of Xom.
  6154 | D:6      | Found a burning altar of Makhleb.
  6181 | D:6      | XOM is BORED!
  6181 | D:6      | XOM: 1-stop teleportation journey
  6197 | D:6      | XOM: silly message
  6389 | D:6      | XOM: harmless Pois miscast
  6401 | D:6      | Reached skill level 9 in Evocations
  6542 | D:6      | XOM: mild Divn miscast
  6559 | D:6      | XOM: divination: detect creatures
  6561 | D:6      | XOM: harmless Trmt miscast
  6659 | D:5      | XOM: harmless Hex miscast
  6675 | D:5      | XOM: give mutations
  6675 | D:5      | Gained mutation: You are resistant to hostile enchantments. [Xom's grace]
  6675 | D:5      | Gained mutation: You are good at translocating small distances at will. [Xom's grace]
  6788 | D:6      | Reached skill level 10 in Evocations
  6890 | D:6      | Found a staircase to the Ecumenical Temple.
  6972 | D:6      | XOM: silly message
  6990 | D:6      | XOM: give mutation
  6990 | D:6      | Lost mutation: You have a pair of small horns on your head. [Xom's mischief]
  7059 | D:6      | XOM: noise
  7268 | D:7      | XOM: give mutation
  7268 | D:7      | Gained mutation: Your flesh is heat resistant. [Xom's mischief]
  7271 | D:7      | XOM: enchant monster (bad)
  7272 | D:7      | XOM: 2-stop teleportation journey
  7527 | D:7      | XOM: enchant monster (bad)
  7535 | D:7      | XOM: give mutations
  7535 | D:7      | Gained mutation: Your system is resistant to poisons. [Xom's mischief]
  7535 | D:7      | Gained mutation: You are dopey. (Int -2) [Xom's mischief]
  7551 | D:7      | XOM: colour smoke trail
  7615 | D:7      | XOM: enchant monster (bad)
  7670 | D:7      | XOM: harmless Trmt miscast
  7823 | D:7      | Reached XP level 9. HP: 44/44 MP: 25/25
  8398 | D:7      | XOM: medium Pois miscast
  8440 | D:7      | XOM: give mutations
  8440 | D:7      | Gained mutation: You have a pair of small horns on your head. [Xom's grace]
  8440 | D:7      | Lost mutation: You are dopey. (Int -2) [Xom's grace]
  8440 | D:7      | Gained mutation: You have large cloven feet. [Xom's grace]
  8440 | D:7      | Gained mutation: You are surrounded by a mild repulsion field (EV +2). [Xom's grace]
  8845 | D:8      | Found a shattered altar of Ashenzari.
  8866 | D:8      | Found Goppe's Weapon Boutique.
  8935 | D:8      | XOM: 1-stop teleportation journey
  9314 | D:8      | XOM: give mutation
  9314 | D:8      | Gained mutation: You possess an exceptional clarity of mind. [Xom's grace]
  9478 | D:8      | XOM: potion effect (agility)
  9548 | D:8      | XOM: confuse monster(s)
  9918 | D:8      | XOM: 2-stop teleportation journey
  9973 | D:8      | Reached skill level 10 in Dodging
 10019 | D:8      | XOM: confuse monster(s)
 10058 | D:8      | XOM: god gift: 31 gold pieces
 10591 | D:9      | XOM: cast spell 'Summon Butterflies'
 10592 | D:9      | XOM: fake destruction
 10593 | D:9      | XOM: divination: detect creatures
 10769 | D:9      | Reached skill level 10 in Stealth
 10878 | D:9      | Found Leocasta's Magic Scroll Shop.
 10905 | D:9      | XOM: cast spell 'Summon Horrible Things'
 10928 | D:9      | Found a snail-covered altar of Cheibriados.
 10984 | D:9      | Bought a scroll of recharging for 133 gold pieces
 10984 | D:9      | Bought a scroll of silence for 105 gold pieces
 11082 | D:9      | XOM: harmless Ice miscast
 11196 | D:9      | Noticed Psyche
 11210 | D:9      | Killed Psyche
 11655 | D:10     | Entered Level 10 of the Dungeon
 11792 | D:10     | Found a staircase to the Lair.
 11826 | D:10     | XOM: cast spell 'Necromutation'
 11938 | D:10     | Reached skill level 11 in Stealth
 12452 | D:10     | XOM: medium Tloc miscast
 12744 | D:10     | XOM: harmless Hex miscast
 12789 | D:10     | Reached XP level 10. HP: 49/49 MP: 27/27
 12958 | D:11     | Found a staircase to the Orcish Mines.
 12964 | D:11     | XOM: divination: detect items
 13115 | D:11     | Found a portal to a secret trove of treasure.
 13158 | D:11     | Noticed a hill giant
 13191 | D:11     | XOM: potion effect (agility)
 13206 | D:11     | Killed a hill giant
 13256 | D:11     | XOM: cast spell 'Confusing Touch'
 13264 | D:11     | Noticed Sonja
 13288 | D:11     | Reached skill level 12 in Dodging
 13307 | D:11     | XOM: silly message
 13310 | D:11     | XOM: harmless Erth miscast
 13360 | D:11     | XOM: potion effect (invisibility)
 13552 | D:11     | XOM: potion effect (might)
 13675 | D:11     | Noticed a purple ugly thing
 13694 | D:11     | XOM: silly message
 13700 | D:11     | XOM: potion effect (might)
 13705 | D:11     | XOM: potion effect (might)
 13720 | D:11     | XOM: potion effect (might)
 13753 | D:11     | Killed a purple ugly thing
 13753 | D:11     | Reached skill level 13 in Dodging
 13810 | D:11     | XOM: divination: detect items
 13822 | D:11     | Noticed a hill giant
 13834 | D:11     | XOM: summons friendly shadow imp
 13855 | D:11     | XOM: summons 4 friendly demons
 13873 | D:11     | Killed a hill giant
 13932 | D:11     | XOM: polymorph orc -> goblin
 14044 | D:11     | Noticed a hill giant
 14068 | D:11     | XOM: summons friendly shadow imp
 14081 | D:11     | Killed a hill giant
 14149 | D:11     | XOM is BORED!
 14149 | D:11     | XOM: summons 5 hostile demons
 14406 | D:11     | XOM: give mutations
 14406 | D:11     | Gained mutation: You are agile. (Dex +2) [Xom's grace]
 14406 | D:11     | Gained mutation: You can spit poison. [Xom's grace]
 14406 | D:11     | Gained mutation: You are resistant to electric shocks. [Xom's grace]
 14406 | D:11     | Gained mutation: You are partially covered in slimy green scales (AC +2). [Xom's grace]
 14452 | D:11     | XOM: god gift: 4 poisoned sling bullets
 14604 | D:11     | Killed Sonja
 14645 | D:11     | Gained mutation: You are dopey. (Int -2) [mutagenic glow]
 14746 | D:11     | XOM: confuse monster(s)
 14845 | Lair:1   | Entered Level 1 of the Lair of Beasts
 14845 | Lair:1   | Noticed ciphuk's ghost (experienced DrTm)
 14849 | Lair:1   | Killed ciphuk's ghost
 14849 | Lair:1   | Reached skill level 14 in Dodging
 14849 | Lair:1   | Reached XP level 11. HP: 45/52 MP: 28/28
 14931 | Lair:1   | XOM: god gift: 54 gold pieces
 15265 | Lair:1   | XOM: give mutations
 15265 | Lair:1   | Lost mutation: You have a pair of small horns on your head. [Xom's mischief]
 15265 | Lair:1   | Lost mutation: You are agile. (Dex +2) [Xom's mischief]
 15265 | Lair:1   | Lost mutation: Your system is resistant to poisons. [Xom's mischief]
 15265 | Lair:1   | Lost mutation: You are dopey. (Int -2) [Xom's mischief]
 15514 | Lair:1   | XOM: summons 5 hostile demons
 15515 | Lair:1   | Noticed a soul eater
 15713 | Lair:1   | Noticed Fannar
 15717 | Lair:1   | XOM: give mutations
 15717 | Lair:1   | Gained mutation: Armour fits poorly on your strangely shaped body. [Xom's mischief]
 15717 | Lair:1   | Lost mutation: You can spit poison. [Xom's mischief]
 15717 | Lair:1   | Lost mutation: You are resistant to hostile enchantments. [Xom's mischief]
 15727 | Lair:1   | XOM: enchant monster (bad)
 15744 | Lair:1   | Noticed Fannar
 15744 | Lair:1   | Fannar changed into Fannar the faun
 15744 | Lair:1   | XOM: polymorph Fannar -> Fannar the faun
 15745 | Lair:1   | XOM: noise
 15746 | Lair:1   | XOM: cast spell 'Discord'
 15760 | Lair:1   | Killed Fannar the faun
 15768 | Lair:1   | XOM: silly message
 16365 | Lair:2   | XOM: harmless Chrm miscast
 16433 | Lair:2   | XOM: mild Divn miscast
 16469 | Lair:1   | XOM: colour smoke trail
 16769 | Lair:2   | XOM: confuse monster(s)
 16995 | Lair:2   | XOM: confuse monster(s)
 16999 | Lair:2   | XOM: mild Hex miscast
 17006 | Lair:2   | XOM: confuse monster(s)
 17007 | Lair:2   | XOM: potion effect (brilliance)
 17011 | Lair:2   | XOM: enchant monster (bad)
 17017 | Lair:2   | XOM: summons 3 hostile demons
 17029 | Lair:2   | Reached skill level 15 in Dodging
 17056 | Lair:2   | XOM: give mutation
 17056 | Lair:2   | Lost mutation: You are good at translocating small distances at will. [Xom's mischief]
 17078 | Lair:2   | XOM: harmless Trmt miscast
 17150 | Lair:2   | XOM: 3-stop teleportation journey
 17153 | Lair:2   | XOM: polymorph blink frog -> troll
 17157 | Lair:2   | XOM: 6-stop teleportation journey
 17267 | Lair:2   | XOM: divination: detect items
 17269 | Lair:2   | XOM: mild Ice miscast
 17273 | Lair:2   | XOM: 2-stop teleportation journey
 17290 | Lair:2   | XOM: draining
 17542 | Lair:2   | XOM: summons 1 hostile demon
 17631 | Lair:2   | XOM: noise
 17636 | Lair:2   | XOM: divination: detect creatures
 17993 | Lair:2   | Upgraded the game from 0.16-a0-129-gbf5829b to 0.16-a0-139-gc9fe9b1
 18277 | Lair:2   | XOM: colour smoke trail
 18555 | Lair:3   | XOM: enchant monster (good)
 18565 | Lair:3   | Reached skill level 16 in Dodging
 18634 | Lair:3   | XOM: colour smoke trail
 18786 | Lair:3   | XOM: give mutations
 18786 | Lair:3   | Gained mutation: You are partially covered in icy blue scales (AC +1). [Xom's grace]
 18786 | Lair:3   | Gained mutation: You have hoof-like feet. [Xom's grace]
 18786 | Lair:3   | Gained mutation: You are covered in fur (AC +1). [Xom's grace]
 18786 | Lair:3   | Gained mutation: You are agile. (Dex +2) [Xom's grace]
 18946 | Lair:3   | Reached skill level 10 in Short Blades
 19274 | Lair:3   | Found a blossoming altar of Fedhas.
 19293 | Lair:3   | XOM: enchant monster (good)
 19295 | Lair:3   | XOM: summons 7 friendly demons
 19418 | Lair:3   | XOM: cast spell 'Flight'
 19636 | Lair:3   | XOM: harmless Pois miscast
 19665 | Lair:3   | XOM: divination: detect creatures
 19838 | Lair:3   | Found a staircase to the Swamp.
 19840 | Lair:3   | XOM: mild Fire miscast
 19883 | Lair:3   | XOM: scenery: 1 doors open
 20128 | Lair:4   | XOM: noise
 20128 | Lair:4   | Noticed a death yak
 20128 | Lair:4   | Noticed a death yak
 20128 | Lair:4   | Noticed a death yak
 20128 | Lair:4   | Noticed a death yak
 20128 | Lair:4   | Noticed a death yak
 20128 | Lair:4   | Noticed a death yak
 20129 | Lair:4   | XOM: confuse monster(s)
 20174 | Lair:4   | Reached XP level 12. HP: 58/58 MP: 29/29
 20199 | Lair:4   | Noticed a five-headed hydra
 20206 | Lair:4   | Found a staircase to the Snake Pit.
 20208 | Lair:4   | Killed a five-headed hydra
 20430 | Lair:4   | XOM: destruction
 20663 | Lair:4   | XOM: divination: magic mapping
 20679 | Lair:4   | XOM: blink monster(s)
 20704 | Lair:4   | XOM: noise
 20722 | Lair:4   | Reached skill level 17 in Dodging
 20723 | Lair:4   | XOM: confuse monster(s)
 20735 | Lair:4   | Reached skill level 5 in Fighting
 20746 | Lair:4   | XOM: god gift: fan of gales
 20928 | Lair:4   | XOM: enchant monster (bad)
 20930 | Lair:4   | XOM: enchant monster (bad)
 20934 | Lair:4   | XOM: confuse monster(s)
 20936 | Lair:4   | XOM: silly message
 20945 | Lair:4   | XOM: cast spell 'Death Channel'
 20961 | Lair:4   | XOM: noise
 20973 | Lair:4   | XOM: medium Fire miscast
 20977 | Lair:4   | Killed a death yak
 20987 | Lair:4   | XOM: mild Tloc miscast
 21017 | Lair:4   | XOM: blink monster(s)
 21027 | Lair:4   | Killed a death yak
 21052 | Lair:4   | Killed a death yak
 21093 | Lair:4   | Killed a death yak
 21205 | Lair:4   | Killed a death yak
 21218 | Lair:4   | Killed a death yak
 21535 | Lair:5   | XOM: give mutation
 21535 | Lair:5   | XOM: give mutations
 21535 | Lair:5   | Lost mutation: You can translocate small distances at will. [Xom's mischief]
 21535 | Lair:5   | Lost mutation: You possess an exceptional clarity of mind. [Xom's mischief]
 21771 | Lair:5   | XOM: destruction
 21944 | Lair:5   | XOM: harmless Divn miscast
 21948 | Lair:5   | XOM: summons 2 friendly demons
 21958 | Lair:5   | XOM: divine lightning (protected)
 21963 | Lair:5   | XOM: 2-stop teleportation journey
 22020 | Lair:5   | XOM: mild Trmt miscast
 22073 | Lair:5   | XOM: enchant monster (good)
 22109 | Lair:5   | XOM: polymorph iguana -> orange rat
 22115 | Lair:5   | XOM: potion effect (invisibility)
 22232 | Lair:5   | Reached skill level 18 in Dodging
 22331 | Lair:5   | XOM: silly message
 22338 | Lair:5   | XOM: potion effect (berserk rage)
 22537 | Lair:5   | Reached XP level 13. HP: 46/67 MP: 30/30
 22824 | Lair:6   | XOM: potion effect (agility)
 22838 | Lair:6   | XOM: potion effect (might)
 22872 | Lair:6   | XOM: potion effect (curing)
 22879 | Lair:6   | Reached skill level 15 in Stealth
 22934 | Lair:6   | XOM: noise
 23042 | Lair:6   | XOM: colour smoke trail
 23130 | Lair:6   | XOM: cast spell 'Dragon Form'
 23165 | Lair:6   | XOM: mild Necr miscast
 23436 | Lair:6   | XOM: mild Pois miscast
 23490 | Lair:6   | XOM: summons 6 hostile demons
 23555 | Lair:6   | XOM: blink monster(s)
 23559 | Lair:6   | XOM: cast spell 'Summon Butterflies'
 23566 | Lair:6   | XOM: swap monsters
 23567 | Lair:6   | XOM: enchant monster (good)
 23577 | Lair:6   | XOM: divination: detect creatures
 23590 | Lair:6   | XOM: summons friendly shadow imp
 23598 | Lair:6   | XOM: destruction
 23623 | Lair:6   | XOM: swap monsters
 23787 | Lair:6   | XOM: god gift: 17 arrows of frost
 23816 | Lair:6   | XOM: god gift: 3 needles of sleeping
 23843 | Lair:6   | XOM: mild Conj miscast
 23853 | Lair:6   | XOM: blink monster(s)
 23994 | Lair:5   | XOM: medium Necr miscast
 24022 | Lair:5   | XOM: mild Trmt miscast
 24323 | Lair:6   | XOM: give mutations
 24323 | Lair:6   | Gained mutation: You have a pair of small horns on your head. [Xom's grace]
 24323 | Lair:6   | Gained mutation: You are robust (+10% HP). [Xom's grace]
 24323 | Lair:6   | Gained mutation: You have sharp fingernails. [Xom's grace]
 24323 | Lair:6   | Gained mutation: You are resistant to hostile enchantments. [Xom's grace]
 25176 | Lair:7   | Got an encrusted dagger
 25177 | Lair:7   | Identified the cursed +0 dagger of Rupa {flame, Stlth--} (You found it on level 7 of the Lair of Beasts)
 25520 | Lair:7   | XOM: mild Pois miscast
 25642 | Lair:7   | XOM: summons friendly shadow imp
 25649 | Lair:7   | XOM: confuse monster(s)
 25651 | Lair:7   | XOM: cast spell 'Call Canine Familiar'
 25676 | Lair:7   | XOM: enchant monster (good)
 25678 | Lair:7   | XOM: enchant monster (bad)
 25693 | Lair:7   | XOM: mild Conj miscast
 25710 | Lair:7   | XOM: harmless Trmt miscast
 25894 | Lair:7   | XOM: enchant monster (good)
 26162 | Lair:7   | XOM: potion effect (invisibility)
 26304 | Lair:7   | XOM: potion effect (might)
 26308 | Lair:7   | XOM: harmless Ice miscast
 26321 | Lair:7   | XOM: destruction
 26402 | Lair:7   | XOM: enchant monster (good)
 26473 | Lair:7   | XOM is BORED!
 26473 | Lair:7   | XOM: noise
 26531 | Lair:8   | Entered Level 8 of the Lair of Beasts
 26572 | Lair:8   | Found a dark tunnel.
 26585 | Volcano  | Entered a volcano
 26607 | Volcano  | XOM: blink monster(s)
 26778 | Volcano  | Found a radiant altar of Vehumet.
 26793 | Volcano  | XOM: enchant monster (bad)
 26811 | Volcano  | Reached skill level 19 in Dodging
 26850 | Volcano  | XOM: god gift: chain mail {god gift}
 27229 | Volcano  | XOM: medium Summ miscast
 27310 | Lair:8   | XOM: mild Pois miscast
 27360 | Lair:8   | XOM: medium Conj miscast
 27486 | Lair:8   | XOM: 1-stop teleportation journey
 27535 | Lair:8   | Found a staircase to the Slime Pits.
 27993 | Lair:8   | XOM: harmless Summ miscast
 28044 | Lair:8   | Reached XP level 14. HP: 46/81 MP: 31/31
 28256 | Lair:8   | XOM: confusion
 28285 | Lair:8   | XOM: confuse monster(s)
 28291 | Lair:8   | XOM: medium Fire miscast
 28298 | Lair:8   | XOM: swap monsters
 28318 | Lair:8   | XOM: summons 2 hostile demons
 28342 | Lair:8   | XOM: swap monsters
 28348 | Lair:8   | XOM: confusion
 28351 | Lair:8   | XOM: 1-stop teleportation journey
 28494 | Lair:8   | XOM: summons friendly quasit
 28520 | Lair:8   | XOM: medium Conj miscast
 28595 | Lair:7   | XOM: harmless Conj miscast
 28769 | Lair:8   | XOM: enchant monster (good)
 28782 | Lair:8   | XOM: confuse monster(s)
 28811 | Lair:8   | XOM: cast spell 'Cause Fear'
 28895 | Lair:8   | XOM: give mutations
 28895 | Lair:8   | Gained mutation: Your flesh is very heat resistant. [Xom's grace]
 28895 | Lair:8   | Gained mutation: Your skin changes colour to match your surroundings (Stealth). [Xom's grace]
 28895 | Lair:8   | Gained mutation: Your flesh is cold resistant. [Xom's grace]
 29147 | Lair:8   | XOM: potion effect (agility)
 29218 | Lair:8   | XOM: cast spell 'Olgreb's Toxic Radiance'
 29547 | Lair:8   | XOM: destruction
 29588 | Lair:8   | XOM: summons 3 friendly demons
 29601 | Lair:8   | XOM: summons friendly iron imp
 29607 | Lair:8   | XOM: blink monster(s)
 29810 | Lair:8   | XOM: cast spell 'Monstrous Menagerie'
 30595 | Lair:5   | XOM: god gift: 3 tomahawks of returning
 30684 | Lair:2   | XOM: god gift: potion of might
 30789 | D:12     | XOM: give mutation
 30789 | D:12     | Lost mutation: Your flesh is cold resistant. [Xom's mischief]
 30829 | D:12     | XOM: divination: detect items
 30850 | D:12     | Noticed Nergalle
 30864 | D:12     | XOM: enchant monster (good)
 30865 | D:12     | Found a frozen archway.
 30875 | D:12     | XOM: enchant monster (good)
 30876 | IceCv    | Entered an ice cave
 30905 | IceCv    | XOM: enchant monster (good)
 30917 | IceCv    | XOM: divine lightning
 30987 | IceCv    | Reached skill level 20 in Dodging
 31051 | IceCv    | XOM: 1-stop teleportation journey
 31184 | IceCv    | XOM: summons 2 friendly demons
 31293 | IceCv    | XOM: god gift: 21 stones
 31312 | IceCv    | XOM: give mutation
 31312 | IceCv    | Gained mutation: You are somewhat resistant to further mutation. [Xom's grace]
 31434 | IceCv    | XOM: give mutations
 31434 | IceCv    | Gained mutation: You are highly resistant to hostile enchantments. [Xom's grace]
 31434 | IceCv    | Gained mutation: You are extremely resistant to the effects of hostile enchantments. [Xom's grace]
 31434 | IceCv    | Gained mutation: Your muscles are strong. (Str +2) [Xom's grace]
 31543 | IceCv    | XOM: 2-stop teleportation journey
 31718 | IceCv    | XOM: swap monsters
 31904 | IceCv    | XOM: god gift: copper wand {god gift}
 31909 | IceCv    | XOM: vitrification
 31942 | IceCv    | XOM: summons friendly white imp
 32052 | D:12     | XOM: confuse monster(s)
 32055 | D:12     | XOM: polymorph orc -> kobold
 32060 | D:12     | Killed Nergalle
 32082 | D:12     | XOM: cast spell 'Ring of Flames'
 32132 | D:12     | XOM: summons friendly shadow imp
 32232 | D:12     | Found a glowing golden altar of the Shining One.
 32572 | D:12     | XOM: enchant monster (good)
 32778 | D:12     | XOM: vitrification
 32791 | D:12     | XOM: noise
 32866 | D:13     | XOM: cast spell 'Shadow Creatures'
 32901 | D:13     | XOM: medium Chrm miscast
 33047 | D:13     | XOM: vitrification
 33310 | D:13     | Noticed Erica
 33337 | D:13     | Killed Erica
 33446 | D:13     | XOM: god gift: cloak {god gift}
 33617 | D:13     | XOM: summons friendly crimson imp
 33737 | D:13     | Found Chucip's Weapon Shoppe.
 34073 | D:13     | XOM: fake destruction
 34201 | D:14     | XOM: summons friendly ufetubus
 34228 | D:14     | XOM: polymorph raven -> brain worm
 34445 | D:14     | XOM: cast spell 'Summon Ice Beast'
 34450 | D:14     | XOM: divination: magic mapping
 34458 | D:14     | XOM: noise
 34479 | D:14     | XOM: noise
 34484 | D:14     | XOM: enchant monster (good)
 34546 | D:14     | XOM: enchant monster (bad)
 34557 | D:14     | Reached XP level 15. HP: 49/88 MP: 32/32
 34569 | D:14     | XOM: summons friendly white imp
 34584 | D:14     | XOM: enchant monster (bad)
 34711 | D:14     | XOM: silly message
 34897 | D:14     | Found a gate to the Vaults.
 35062 | D:14     | Noticed Roxanne
 35063 | D:14     | Reached skill level 21 in Dodging
 35075 | D:14     | XOM: confusion
 35077 | D:14     | XOM: summons 2 friendly demons
 35166 | D:14     | Killed Roxanne
 35210 | D:14     | XOM: colour smoke trail
 35310 | D:14     | XOM: 1-stop teleportation journey
 35367 | D:14     | XOM: colour smoke trail
 35615 | D:14     | Identified Roxanne's Volume of Transmutation (You took it off Roxanne on level 14 of the Dungeon)
 35678 | D:14     | Reached skill level 10 in Fighting
 35944 | D:15     | Entered Level 15 of the Dungeon
 36261 | D:15     | XOM: confuse monster(s)
 36337 | D:15     | Noticed Josephine
 36346 | D:15     | Killed Josephine
 36467 | D:15     | XOM: enchant monster (good)
 36468 | D:15     | XOM: noise
 36644 | D:15     | XOM: 2-stop teleportation journey
 36765 | D:15     | Noticed Rupert
 36773 | D:15     | Killed Rupert
 36790 | D:15     | Got a vibrating pewter ring
 36796 | D:15     | Identified the ring of Klonuerr {MR+ Stlth---} (You found it on level 15 of the Dungeon)
 36803 | D:15     | Identified a scroll of acquirement
 36933 | D:15     | XOM: potion effect (magic)
 37064 | D:15     | XOM: divination: magic mapping
 37077 | D:15     | XOM: confuse monster(s)
 37112 | D:15     | XOM: mild Summ miscast
 37156 | D:15     | XOM is BORED!
 37156 | D:15     | XOM: mild Necr miscast
 37162 | D:15     | XOM: give mutations
 37162 | D:15     | Gained mutation: Your muscles are very strong. (Str +4) [Xom's grace]
 37162 | D:15     | Gained mutation: Your flesh is cold resistant. [Xom's grace]
 37278 | D:15     | XOM: polymorph raven -> ogre
 37290 | D:15     | XOM: enchant monster (good)
 37293 | D:15     | XOM: summons 11 friendly demons
 37302 | D:15     | XOM: 4-stop teleportation journey
 37370 | D:15     | Got a glittering brass ring
 37391 | D:15     | XOM: 5-stop teleportation journey
 37400 | D:15     | XOM: polymorph cyclops -> boulder beetle
 37416 | D:15     | XOM: polymorph boulder beetle -> tarantella
 37424 | D:15     | XOM: summons 4 friendly demons
 37641 | D:15     | XOM: confuse monster(s)
 37648 | D:15     | Reached skill level 22 in Dodging
 37758 | D:15     | XOM: confuse monster(s)
 37842 | D:15     | XOM: confuse monster(s)
 37857 | D:15     | XOM: enchant monster (good)
 37862 | D:15     | XOM: draining
 37873 | D:15     | XOM: chaos upgrade
 37879 | D:15     | XOM: swap monsters
 37917 | D:15     | Found a staircase to the Depths.
 37917 | D:15     | XOM: 9-stop teleportation journey
 37922 | D:15     | XOM: confuse monster(s)
 37971 | D:15     | XOM: summons 10 friendly demons
 37979 | D:15     | Paralysed by a giant eyeball for 3 turns
 38485 | D:15     | Paralysed by a giant eyeball for 2 turns
 38600 | D:15     | XOM: harmless Pois miscast
 38619 | D:15     | XOM: divination: detect creatures
 38654 | D:15     | XOM: confuse monster(s)
 38698 | D:15     | Got a scintillating ivory ring
 38700 | D:15     | Identified the ring of the Eagle {rElec rPois Regen} (You found it on level 15 of the Dungeon)
 38702 | D:15     | Identified the ring of Quixomm {+Fly rElec Str+3 SInv} (You took it off an orc on level 15 of the Dungeon)
 38729 | D:15     | XOM: summons friendly shadow imp
 38736 | D:15     | XOM: confuse monster(s)
 38796 | D:15     | XOM: mild Chrm miscast
 38965 | D:15     | XOM: medium Pois miscast
 39134 | Orc:1    | Entered Level 1 of the Orcish Mines
 39230 | Orc:1    | XOM: cast spell 'Spider Form'
 39369 | Orc:2    | Found a flagged portal.
 39406 | Bailey   | Entered a bailey
 39414 | Bailey   | Noticed Sick's ghost (experienced TrMo)
 39457 | Bailey   | Killed Sick's ghost
 39457 | Bailey   | Reached XP level 16. HP: 82/94 MP: 28/33
 39538 | Bailey   | XOM: colour smoke trail
 40072 | Orc:2    | XOM: cast spell 'Olgreb's Toxic Radiance'
 40143 | Orc:2    | XOM: silly message
 40345 | Orc:3    | Noticed Grum
 40389 | Orc:3    | XOM: noise
 40390 | Orc:3    | XOM: mild Ice miscast
 40401 | Orc:3    | Killed Grum
 40485 | Orc:3    | XOM: confuse monster(s)
 40855 | Orc:3    | XOM: vitrification
 41108 | Orc:4    | Entered Level 4 of the Orcish Mines
 41148 | Orc:4    | Found a staircase to the Elven Halls.
 41310 | Orc:4    | XOM is BORED!
 41310 | Orc:4    | XOM: medium Ice miscast
 41335 | Orc:4    | Found Steumn's Antique Weapon Emporium.
 41335 | Orc:4    | Found Ufunt's Food Shoppe.
 41335 | Orc:4    | Found Nakk's Food Emporium.
 41342 | Orc:4    | XOM: enchant monster (good)
 41567 | Orc:4    | XOM: summons 2 friendly demons
 41609 | Orc:4    | XOM: divination: detect creatures
 41618 | Orc:4    | XOM: potion effect (berserk rage)
 41692 | Orc:3    | Found an iron altar of Okawaru.
 41841 | Orc:4    | XOM: noise
 41893 | Orc:4    | XOM: polymorph orc sorcerer -> swamp dragon
 42003 | Orc:4    | Upgraded the game from 0.16-a0-139-gc9fe9b1 to 0.16-a0-148-g3b84123
 42037 | Orc:4    | XOM: summons friendly white imp
 42049 | Orc:4    | Found Pomabb's Jewellery Shoppe.
 42117 | Orc:4    | XOM: cast spell 'Summon Butterflies'
 42119 | Orc:4    | XOM: summons friendly iron imp
 42124 | Orc:4    | XOM: cast spell 'Blink'
 42603 | Swamp:1  | Entered Level 1 of the Swamp
 42882 | Swamp:1  | XOM: enchant monster (bad)
 42893 | Swamp:1  | XOM: confuse monster(s)
 43025 | Swamp:1  | XOM: silly message
 43087 | Swamp:1  | XOM: give mutations
 43087 | Swamp:1  | Lost mutation: Your flesh is cold resistant. [Xom's mischief]
 43087 | Swamp:1  | Lost mutation: You are somewhat resistant to further mutation. [Xom's mischief]
 43087 | Swamp:1  | Lost mutation: Your muscles are very strong. (Str +4) [Xom's mischief]
 43513 | Swamp:2  | XOM: swap monsters
 43563 | Swamp:2  | XOM: torment (57/95 hp)
 43564 | Swamp:2  | XOM: noise
 43716 | Swamp:2  | XOM: harmless Necr miscast
 43762 | Swamp:2  | XOM: 3-stop teleportation journey
 43776 | Swamp:2  | XOM: harmless Ice miscast
 43933 | Swamp:2  | Reached skill level 23 in Dodging
 44120 | Swamp:2  | XOM: confuse monster(s)
 44288 | Swamp:2  | XOM: divination: detect items
 44364 | Swamp:2  | XOM: colour smoke trail
 44611 | Swamp:3  | XOM: summons friendly ufetubus
 44630 | Swamp:3  | XOM: confuse monster(s)
 44867 | Swamp:3  | XOM is BORED!
 44867 | Swamp:3  | XOM: noise
 44899 | Swamp:3  | XOM: divination: detect creatures
 45265 | Lair:4   | Learned a level 2 spell: Confusing Touch
 45269 | Lair:4   | Learned a level 3 spell: Confuse
 45284 | Lair:4   | Learned a level 6 spell: Invisibility
 45780 | Swamp:3  | Reached skill level 15 in Short Blades
 45780 | Swamp:3  | Reached skill level 1 in Spellcasting
 45780 | Swamp:3  | Reached skill level 1 in Hexes
 45819 | Swamp:3  | XOM: harmless Hex miscast
 46113 | Swamp:3  | XOM: noise
 46341 | Swamp:3  | XOM: divination: detect creatures
 46514 | Swamp:4  | XOM: god gift: oblong hardcover book {god gift}
 46554 | Swamp:4  | XOM is BORED!
 46554 | Swamp:4  | XOM: give mutations
 46554 | Swamp:4  | Lost mutation: Your muscles are strong. (Str +2) [Xom's mischief]
 46554 | Swamp:4  | Lost mutation: You are resistant to electric shocks. [Xom's mischief]
 46887 | Swamp:4  | XOM: cast spell 'Cause Fear'
 46923 | Swamp:4  | XOM: confuse monster(s)
 47044 | Swamp:4  | XOM: medium Trmt miscast
 47089 | Swamp:4  | Gained mutation: Potions and wands are less effective at restoring your health. [mutagenic glow]
 47355 | Swamp:4  | Lost mutation: Potions and wands are less effective at restoring your health. [potion of cure mutation]
 47355 | Swamp:4  | Lost mutation: You are partially covered in icy blue scales (AC +1). [potion of cure mutation]
 47355 | Swamp:4  | Lost mutation: You are agile. (Dex +2) [potion of cure mutation]
 47355 | Swamp:4  | Lost mutation: Armour fits poorly on your strangely shaped body. [potion of cure mutation]
 47583 | Swamp:4  | XOM: silly message
 47722 | Swamp:4  | XOM: colour smoke trail
 47737 | Swamp:5  | Entered Level 5 of the Swamp
 47753 | Swamp:5  | XOM: divination: detect creatures
 47892 | Swamp:5  | XOM: silly message
 47939 | Swamp:5  | XOM: summons friendly white imp
 47952 | Swamp:5  | XOM: enchant monster (bad)
 47971 | Swamp:5  | XOM: divine lightning (protected)
 48081 | Swamp:5  | XOM: summons 2 friendly demons
 48089 | Swamp:5  | XOM: blink monster(s)
 48220 | Swamp:5  | XOM: summons 2 hostile shadow creatures
 48223 | Swamp:5  | XOM: confuse monster(s)
 48248 | Swamp:5  | XOM: polymorph slime creature -> alligator
 48299 | Swamp:5  | XOM: harmless Pois miscast
 48441 | Swamp:4  | XOM: divine lightning (protected)
 48517 | Swamp:5  | XOM: summons friendly shadow imp
 48518 | Swamp:5  | XOM: summons 2 friendly demons
 48538 | Swamp:5  | XOM: noise
 48655 | Swamp:5  | XOM: summons friendly iron imp
 48666 | Swamp:5  | XOM: confuse monster(s)
 48708 | Swamp:5  | Reached XP level 17. HP: 37/102 MP: 4/34
 48891 | Swamp:5  | XOM: divination: magic mapping
 48968 | Swamp:5  | XOM: cast spell 'Confusing Touch'
 49166 | Swamp:5  | XOM: cast spell 'Stoneskin'
 49303 | Swamp:5  | XOM: cast spell 'Stoneskin'
 49326 | Swamp:5  | XOM: harmless Tloc miscast
 49344 | Swamp:5  | XOM: enchant monster (bad)
 49347 | Swamp:5  | XOM: give mutations
 49347 | Swamp:5  | Lost mutation: You are covered in fur (AC +1). [Xom's mischief]
 49347 | Swamp:5  | Gained mutation: Armour fits poorly on your strangely shaped body. [Xom's mischief]
 49347 | Swamp:5  | Lost mutation: Armour fits poorly on your strangely shaped body. [Xom's mischief]
 49347 | Swamp:5  | Lost mutation: You are extremely resistant to the effects of hostile enchantments. [Xom's mischief]
 49391 | Swamp:5  | XOM: give mutation
 49391 | Swamp:5  | XOM: 2-stop teleportation journey
 49485 | Swamp:5  | Reached skill level 5 in Spellcasting
 49485 | Swamp:5  | Reached skill level 5 in Hexes
 49518 | Swamp:5  | XOM: medium Summ miscast
 49523 | Swamp:5  | XOM: medium Necr miscast
 49560 | Swamp:5  | XOM: confuse monster(s)
 49603 | Swamp:5  | XOM: confuse monster(s)
 49607 | Swamp:5  | XOM: summons friendly ufetubus
 49623 | Swamp:5  | XOM: divination: detect creatures
 49675 | Swamp:5  | Learned a level 4 spell: Cause Fear
 49741 | Swamp:5  | XOM: silly message
 49874 | Swamp:5  | XOM: divination: detect creatures
 49962 | Swamp:5  | Noticed the 27-headed Lernaean hydra
 49979 | Swamp:5  | Killed the 27-headed Lernaean hydra
 50063 | Swamp:5  | XOM: divination: detect creatures
 50070 | Swamp:5  | Got a decaying rune of Zot
 50125 | Swamp:5  | XOM: potion effect (berserk rage)
 50160 | Swamp:5  | XOM: god gift: 29 gold pieces
 50250 | Swamp:5  | XOM: potion effect (might)
 50296 | Swamp:5  | XOM: harmless Ice miscast
 50783 | Vaults:1 | Entered Level 1 of the Vaults
 50823 | Vaults:1 | XOM: divination: magic mapping
 50838 | Vaults:1 | XOM: noise
 50841 | Vaults:1 | XOM: silly message
 50948 | Vaults:1 | XOM: divination: detect items
 51038 | Vaults:1 | XOM: confusion
 51042 | Vaults:1 | XOM: confusion
 51046 | Vaults:1 | XOM: mild Tloc miscast
 51131 | Vaults:1 | XOM: confuse monster(s)
 51200 | Vaults:1 | Noticed Saint Roka
 51243 | Vaults:1 | XOM: cast spell 'Summon Hydra'
 51250 | Vaults:1 | XOM: noise
 51441 | Vaults:1 | XOM: mild Tloc miscast
 51453 | Vaults:1 | XOM: enchant monster (bad)
 51488 | Vaults:1 | XOM: noise
 51528 | Vaults:1 | XOM: silly message
 51530 | Vaults:1 | XOM: potion effect (might)
 51538 | Vaults:1 | XOM: potion effect (curing)
 51667 | Vaults:1 | XOM: confuse monster(s)
 51670 | Vaults:1 | Noticed Donald
 51698 | Vaults:1 | XOM: cast spell 'Stoneskin'
 51702 | Vaults:1 | XOM: swap monsters
 51747 | Vaults:1 | Killed Donald
 51800 | Vaults:1 | XOM: summons friendly white imp
 51803 | Vaults:1 | XOM: vitrification
 51949 | Vaults:1 | XOM: summons 5 friendly demons
 52273 | Snake:1  | Entered Level 1 of the Snake Pit
 52278 | Snake:1  | Noticed Frances
 52292 | Snake:1  | XOM: chaos upgrade
 52299 | Snake:1  | XOM: cast spell 'Necromutation'
 52333 | Lair:4   | XOM: colour smoke trail
 52345 | Snake:1  | XOM: medium Necr miscast
 52359 | Snake:1  | XOM: swap monsters
 52364 | Snake:1  | Killed Frances
 52430 | Snake:1  | XOM: summons 4 friendly demons
 52433 | Snake:1  | XOM: give mutations
 52433 | Snake:1  | Gained mutation: Your spells are a little harder to cast, but a little more powerful. [Xom's mischief]
 52433 | Snake:1  | Lost mutation: Your flesh is very heat resistant. [Xom's mischief]
 52433 | Snake:1  | Lost mutation: You have hoof-like feet. [Xom's mischief]
 52440 | Snake:1  | XOM: 2-stop teleportation journey
 52445 | Snake:1  | XOM: silly message
 52461 | Snake:1  | XOM: draining
 52586 | Snake:1  | XOM: summons 3 friendly demons
 52593 | Snake:1  | XOM: divination: magic mapping
 52599 | Snake:1  | XOM: enchant monster (bad)
 52607 | Lair:4   | XOM: repel stairs
 52640 | Lair:4   | XOM: noise
 52806 | Snake:1  | XOM: confusion (+ monsters)
 52870 | Lair:4   | XOM: stat loss: -1 Dex (23/24)
 52888 | Lair:4   | XOM: give mutations
 52888 | Lair:4   | Gained mutation: You can spit poison. [Xom's grace]
 52888 | Lair:4   | Gained mutation: You have a pair of horns on your head. [Xom's grace]
 52888 | Lair:4   | Gained mutation: Your muscles are strong. (Str +2) [Xom's grace]
 52984 | Snake:1  | XOM: enchant monster (bad)
 53085 | Snake:1  | XOM: summons 4 hostile demons
 53106 | Snake:1  | XOM: noise
 53127 | Snake:1  | XOM: repel stairs
 53153 | Snake:1  | XOM: swap weapons
 53173 | Snake:1  | XOM: mild Erth miscast
 53586 | Snake:1  | XOM: silly message
 53635 | Snake:1  | XOM: stat loss: -1 Dex (22/24)
 53692 | Snake:1  | HP: 5/102 [naga warrior/+4 dagger of speed (4)]
 53716 | Snake:1  | XOM: mild Trmt miscast
 53877 | Snake:1  | XOM: mild Chrm miscast
 53956 | Snake:1  | XOM: medium Chrm miscast
 53958 | Snake:1  | XOM: stat loss: -1 Dex (21/24)
 54004 | Snake:2  | XOM: enchant monster (good)
 54007 | Snake:2  | Noticed Asterion
 54146 | Snake:1  | XOM: god gift: 2 tomahawks of dispersal
 54167 | Snake:1  | XOM: polymorph naga warrior -> elephant
 54363 | Lair:4   | XOM: god gift: scroll of holy word
 54489 | Snake:1  | Killed Asterion
 54555 | Snake:2  | XOM: destruction
 54568 | Snake:2  | XOM: silly message
 54574 | Snake:2  | XOM: summons friendly shadow imp
 54600 | Snake:2  | XOM: noise
 54615 | Snake:2  | XOM: harmless Chrm miscast
 54619 | Snake:2  | XOM: cast spell 'Flight'
 54966 | Snake:2  | XOM: harmless Erth miscast
 55061 | Snake:2  | XOM: divination: detect items
 55132 | Snake:2  | XOM: 1-stop teleportation journey
 55255 | Snake:2  | XOM: summons 3 friendly demons
 55370 | Snake:2  | XOM: god gift: scroll of teleportation
 55376 | Snake:2  | Reached XP level 18. HP: 107/107 MP: 36/36
 55530 | Snake:2  | XOM: enchant monster (bad)
 55534 | Snake:2  | XOM: polymorph guardian serpent -> queen bee
 55694 | Snake:2  | XOM: polymorph black mamba -> golden eye
 55964 | Snake:3  | XOM: colour smoke trail
 56172 | Snake:3  | XOM: mild Hex miscast
 56377 | Snake:3  | XOM: cast spell 'Ring of Flames'
 56438 | Snake:3  | XOM: enchant monster (good)
 56591 | Snake:3  | XOM: enchant monster (good)
 56597 | Snake:3  | XOM: snakes to sticks
 56825 | Snake:3  | XOM: colour smoke trail
 56914 | Snake:3  | XOM: summons friendly quasit
 56944 | Snake:3  | XOM: chaos upgrade
 56997 | Snake:3  | XOM: summons 4 hostile shadow creatures
 57021 | Snake:2  | XOM: god gift: scroll of fog
 57105 | Snake:3  | Learned a level 3 spell: Tukima's Dance
 57119 | Snake:3  | Gained mutation: You have a pair of large horns on your head. [potion of beneficial mutation]
 57195 | Snake:3  | XOM: harmless Summ miscast
 57215 | Snake:3  | XOM: enchant monster (bad)
 57228 | Snake:3  | XOM: cast spell 'Shadow Creatures'
 57239 | Snake:3  | XOM: snakes to sticks
 57573 | Snake:3  | XOM: god gift: 34 gold pieces
 57697 | Snake:3  | XOM: scenery: create altars
 57947 | Snake:4  | Noticed Azrael
 57960 | Snake:4  | XOM: confuse monster(s)
 57970 | Snake:4  | XOM: summons friendly white imp
 57985 | Snake:4  | Killed Azrael
 58315 | Snake:4  | XOM: harmless Tloc miscast
 58373 | Snake:4  | XOM: noise
 58423 | Snake:4  | XOM: confuse monster(s)
 58427 | Snake:4  | XOM: noise
 58437 | Snake:4  | XOM: enchant monster (bad)
 58710 | Snake:4  | XOM: snakes to sticks
 58712 | Snake:4  | XOM: polymorph greater naga -> mottled draconian
 58956 | Snake:4  | XOM: mild Trmt miscast
 59158 | Snake:5  | Entered Level 5 of the Snake Pit
 59204 | Snake:5  | XOM: 2-stop teleportation journey
 59233 | Snake:5  | Noticed Jorgrun
 59246 | Snake:5  | XOM: summons 12 friendly demons
 59274 | Snake:5  | Killed Jorgrun
 59488 | Snake:5  | XOM: enchant monster (bad)
 59517 | Snake:5  | XOM: enchant monster (good)
 59749 | Snake:5  | XOM: noise
 59784 | Snake:5  | XOM: noise
 59798 | Snake:5  | XOM: god gift: leather armour {god gift}
 59823 | Snake:5  | XOM: blink monster(s)
 59901 | Snake:5  | XOM: harmless Trmt miscast
 60203 | Snake:5  | XOM: divination: detect items
 60222 | Snake:5  | XOM: swap weapons
 60293 | Snake:5  | XOM: potion effect (agility)
 60297 | Snake:5  | XOM: blink monster(s)
 60413 | Snake:5  | Reached skill level 10 in Spellcasting
 60648 | Snake:5  | XOM: harmless Conj miscast
 60662 | Snake:5  | XOM: enchant monster (good)
 60666 | Snake:5  | XOM: summons 8 friendly demons
 60926 | Snake:5  | XOM: harmless Erth miscast
 60959 | Snake:5  | XOM: polymorph naga warrior -> sea snake
 60993 | Snake:5  | XOM: divination: detect items
 61012 | Snake:5  | XOM: polymorph greater naga -> dire elephant
 61026 | Snake:5  | XOM: vitrification
 61181 | Snake:5  | XOM: summons 4 friendly demons
 61366 | Snake:5  | XOM: medium Conj miscast
 61375 | Snake:5  | XOM: repel stairs
 61579 | Snake:5  | XOM: snakes to sticks
 61602 | Snake:5  | XOM: summons 9 hostile demons
 61719 | Snake:5  | XOM: swap weapons
 61721 | Snake:5  | XOM: noise
 61725 | Snake:5  | XOM: confuse monster(s)
 61743 | Snake:5  | XOM: harmless Pois miscast
 61892 | Snake:5  | XOM: repel stairs
 62045 | Snake:5  | Reached skill level 10 in Hexes
 62082 | Snake:5  | XOM: harmless Pois miscast
 62126 | Snake:5  | XOM: swap weapons
 62134 | Snake:5  | Reached XP level 19. HP: 96/115 MP: 31/39
 62239 | Snake:5  | XOM: god gift: embroidered robe {god gift}
 62265 | Snake:5  | XOM: silly message
 62454 | Snake:5  | XOM: potion effect (invisibility)
 62654 | Snake:5  | XOM: enchant monster (good)
 62661 | Snake:5  | XOM: silly message
 62662 | Snake:5  | XOM: cast spell 'Metabolic Englaciation'
 62783 | Snake:5  | XOM: harmless Trmt miscast
 62959 | Snake:5  | XOM: cast spell 'Stoneskin'
 63210 | Snake:5  | Got a serpentine rune of Zot
 63286 | Snake:5  | XOM: mild Hex miscast
 63466 | Snake:5  | XOM: god gift: disc of storms
 64037 | D:13     | XOM: summons friendly iron imp
 64169 | Vaults:1 | XOM: confuse monster(s)
 64293 | Vaults:1 | XOM: 5-stop teleportation journey
 64321 | Vaults:1 | XOM: enchant monster (bad)
 64704 | Vaults:1 | XOM: noise
 64722 | Vaults:1 | XOM: polymorph stone giant -> iron troll
 64765 | Vaults:1 | XOM: confuse monster(s)
 64782 | Vaults:1 | XOM: divine lightning (protected)
 64810 | Vaults:1 | Killed Saint Roka
 64977 | Vaults:1 | XOM: enchant monster (good)
 64983 | Vaults:1 | XOM: cast spell 'Summon Swarm'
 65030 | Vaults:1 | XOM: give mutations
 65030 | Vaults:1 | Gained mutation: Your spells are harder to cast, but more powerful. [Xom's grace]
 65030 | Vaults:1 | Gained mutation: Your muscles are very strong. (Str +4) [Xom's grace]
 65030 | Vaults:1 | Gained mutation: You are agile. (Dex +2) [Xom's grace]
 65030 | Vaults:1 | Gained mutation: You are extremely resistant to the effects of hostile enchantments. [Xom's grace]
 65122 | Vaults:1 | XOM: harmless Hex miscast
 65125 | Vaults:1 | XOM: noise
 65146 | Vaults:1 | XOM: enchant monster (good)
 65178 | Vaults:1 | XOM: summons 10 friendly demons
 65188 | Vaults:1 | XOM: confusion (+ monsters)
 65304 | Vaults:1 | XOM: summons 11 friendly demons
 65327 | Vaults:1 | XOM: enchant monster (bad)
 65470 | Vaults:1 | XOM: colour smoke trail
 65495 | Vaults:1 | XOM: enchant monster (good)
 65838 | Vaults:2 | XOM: confusion (+ monsters)
 65876 | Vaults:2 | XOM: enchant monster (bad)
 65898 | Vaults:2 | XOM: divination: magic mapping
 66203 | Vaults:2 | XOM: colour smoke trail
 66274 | Vaults:2 | XOM: god gift: scroll of noise
 66295 | Vaults:2 | XOM: confuse monster(s)
 66307 | Vaults:2 | XOM: divination: detect items
 66329 | Vaults:2 | XOM: divination: detect items
 66342 | Vaults:2 | XOM: silly message
 66343 | Vaults:2 | XOM: enchant monster (bad)
 66535 | Vaults:2 | XOM: cast spell 'Stoneskin'
 66573 | Vaults:2 | XOM: vitrification
 66586 | Vaults:2 | XOM: 8-stop teleportation journey
 66776 | Vaults:2 | XOM: 2-stop teleportation journey
 66930 | Vaults:2 | XOM: summons 11 friendly demons
 66934 | Vaults:2 | Reached skill level 15 in Fighting
 67183 | Vaults:2 | XOM: potion effect (berserk rage)
 67381 | Vaults:2 | XOM: divination: detect creatures
 67395 | Vaults:2 | XOM: divination: detect creatures
 67474 | Vaults:2 | Found Tran's Weapon Shoppe.
 67487 | Vaults:2 | XOM: potion effect (invisibility)
 67494 | Vaults:2 | XOM: summons friendly white imp
 67504 | Vaults:2 | XOM: enchant monster (good)
 67677 | Vaults:2 | Learned a level 5 spell: Silence
 67686 | Vaults:2 | Learned a level 8 spell: Discord
 67687 | Vaults:3 | XOM: noise
 67773 | Vaults:3 | Reached XP level 20. HP: 124/124 MP: 41/41
 67885 | Vaults:3 | XOM: enchant monster (good)
 67888 | Vaults:3 | Noticed Boris
 68071 | Vaults:3 | XOM: summons 10 friendly demons
 68077 | Vaults:3 | XOM: cast spell 'Necromutation'
 68093 | Vaults:3 | XOM: divination: detect items
 68203 | Vaults:3 | Found a staircase to the Crypt.
 68411 | Vaults:3 | XOM: summons 3 hostile demons
 68461 | Vaults:3 | XOM: cast spell 'Necromutation'
 68471 | Vaults:3 | XOM: swap monsters
 68478 | Vaults:3 | XOM: divination: detect creatures
 68483 | Vaults:3 | XOM: blink monster(s)
 68587 | Vaults:3 | XOM: divination: detect creatures
 68603 | Vaults:3 | XOM: mild Hex miscast
 68821 | Vaults:3 | Found Zaofiora's Book Shoppe.
 68871 | Vaults:3 | XOM: divination: magic mapping
 68885 | Vaults:3 | XOM: cast spell 'Blink'
 68955 | Vaults:3 | XOM: noise
 69043 | Vaults:3 | XOM: mild Erth miscast
 69117 | Vaults:3 | XOM: enchant monster (good)
 69133 | Vaults:3 | XOM: noise
 69166 | Vaults:3 | XOM: cast spell 'Stoneskin'
 69220 | Vaults:3 | Noticed Jory
 69220 | Vaults:3 | XOM: divination: detect creatures
 69239 | Vaults:3 | XOM: potion effect (berserk rage)
 69259 | Vaults:3 | Killed Jory
 69393 | Vaults:3 | Found Yqamef's Armour Shop.
 69578 | Vaults:3 | XOM: silly message
 69579 | Vaults:3 | XOM: potion effect (agility)
 69614 | Vaults:3 | XOM: scenery: 2 doors close
 69733 | Vaults:3 | XOM: summons 3 hostile demons
 69745 | Vaults:3 | XOM: blink monster(s)
 69813 | Vaults:3 | XOM: confuse monster(s)
 69820 | Vaults:3 | XOM: summons friendly crimson imp
 69837 | Vaults:3 | XOM: noise
 69859 | Vaults:3 | XOM: silly message
 69867 | Vaults:3 | XOM: blink monster(s)
 69886 | Vaults:3 | XOM: enchant monster (good)
 70171 | Vaults:4 | XOM: potion effect (berserk rage)
 70182 | Vaults:4 | XOM: confuse monster(s)
 70448 | Vaults:4 | XOM: potion effect (agility)
 70465 | Vaults:4 | XOM: summons friendly shadow imp
 70470 | Vaults:4 | XOM: potion effect (brilliance)
 70483 | Vaults:4 | XOM: cast spell 'Confusing Touch'
 70493 | Vaults:4 | XOM: summons friendly crimson imp
 70502 | Vaults:4 | XOM: confuse monster(s)
 70503 | Vaults:4 | XOM: cast spell 'Metabolic Englaciation'
 70544 | Vaults:4 | XOM: scenery: 1 doors open
 70641 | Vaults:4 | XOM: mild Fire miscast
 70651 | Vaults:4 | XOM: summons 12 friendly demons
 70709 | Vaults:4 | XOM: give mutations
 70709 | Vaults:4 | Gained mutation: You are partially covered in thin metallic scales (AC +2). [Xom's grace]
 70709 | Vaults:4 | Gained mutation: Your flesh is cold resistant. [Xom's grace]
 70709 | Vaults:4 | Gained mutation: You have hoof-like feet. [Xom's grace]
 70709 | Vaults:4 | Gained mutation: You have hooves in place of feet. [Xom's grace]
 70711 | Vaults:4 | XOM: enchant monster (good)
 70782 | Vaults:4 | XOM: scenery: 1 doors open
 70891 | Vaults:4 | XOM: summons 2 friendly demons
 70929 | Vaults:4 | XOM: swap monsters
 70931 | Vaults:4 | XOM: swap monsters
 70970 | Vaults:4 | XOM: torment (77/125 hp)
 71100 | Vaults:4 | XOM: noise
 71104 | Vaults:4 | XOM: divination: detect items
 71108 | Vaults:4 | XOM: destruction
 71285 | Vaults:4 | XOM: mild Ice miscast
 71289 | Vaults:4 | XOM: polymorph yaktaur captain -> green draconian
 71449 | Vaults:4 | Learned a level 4 spell: Leda's Liquefaction
 71493 | Vaults:4 | Noticed Agnes
 71516 | Vaults:4 | XOM: enchant monster (good)
 71519 | Vaults:4 | XOM: summons friendly quasit
 71527 | Vaults:4 | Killed Agnes
 71673 | Vaults:4 | XOM: torment (83/125 hp)
 71769 | Vaults:4 | XOM: confuse monster(s)
 71851 | Vaults:4 | XOM: destruction
 71879 | Vaults:4 | XOM: summons friendly iron imp
 72023 | Vaults:4 | Reached skill level 15 in Hexes
 72116 | Vaults:4 | XOM: summons friendly shadow imp
 72121 | Vaults:4 | XOM: confuse monster(s)
 72311 | Vaults:4 | XOM: summons 5 friendly demons
 72314 | Vaults:4 | XOM: swap monsters
 72315 | Vaults:4 | XOM: chaos upgrade
 72319 | Vaults:4 | XOM: confusion (+ monsters)
 72368 | Vaults:4 | Reached XP level 21. HP: 129/129 MP: 42/42
 72569 | Vaults:3 | XOM: swap weapons
 72582 | Vaults:3 | XOM: swap weapons
 72591 | Vaults:3 | XOM: polymorph yaktaur -> swamp dragon
 72592 | Vaults:3 | XOM: enchant monster (good)
 72675 | Vaults:3 | XOM: harmless Divn miscast
 73046 | Elf:1    | Entered Level 1 of the Elven Halls
 73155 | Elf:1    | XOM is BORED!
 73155 | Elf:1    | XOM: medium Summ miscast
 73294 | Elf:1    | XOM: torment (86/129 hp)
 73296 | Elf:1    | XOM: medium Conj miscast
 73442 | Elf:1    | Found Pretsox's Book Boutique.
 73502 | Elf:1    | XOM: enchant monster (bad)
 73572 | Elf:1    | XOM: divination: detect items
 74176 | Elf:2    | Found Uthit's Distillery.
 74185 | Elf:2    | Bought a potion of curing for 32 gold pieces
 74185 | Elf:2    | Bought a potion of beneficial mutation for 560 gold pieces
 74185 | Elf:2    | Bought a potion of degeneration for 32 gold pieces
 74185 | Elf:2    | Bought a potion of curing for 32 gold pieces
 74185 | Elf:2    | Bought a potion of resistance for 112 gold pieces
 74185 | Elf:2    | Bought a potion of curing for 32 gold pieces
 74185 | Elf:2    | Bought a potion of magic for 88 gold pieces
 74185 | Elf:2    | Bought a potion of heal wounds for 48 gold pieces
 74185 | Elf:2    | Bought a potion of restore abilities for 48 gold pieces
 74187 | Elf:2    | Gained mutation: You are very agile. (Dex +4) [potion of beneficial mutation]
 74248 | Elf:2    | XOM: medium Pois miscast
 74280 | Elf:2    | Found Udaup's General Store.
 74288 | Elf:2    | Bought a potion of curing for 36 gold pieces
 74288 | Elf:2    | Bought a potion of heal wounds for 54 gold pieces
 74290 | Elf:2    | Found Hetestu's Antique Armour Emporium.
 74365 | Elf:2    | XOM: confuse monster(s)
 74494 | Elf:2    | Found Kaungoal's Armour Shoppe.
 74763 | Elf:2    | Identified Ozocubu's Tome of Cold and Conjuration (You found it on level 2 of the Elven Halls)
 74767 | Elf:2    | Identified Sofihauf's Reference Book on Excruciating Feathers (You found it on level 2 of the Elven Halls)
 74771 | Elf:2    | Learned a level 2 spell: Repel Missiles
 74873 | Elf:2    | Found Isucun's Antique Weapon Boutique.
 74886 | Elf:2    | XOM: enchant monster (bad)
 75122 | Elf:3    | Entered Level 3 of the Elven Halls
 75658 | Elf:3    | XOM is BORED!
 75658 | Elf:3    | XOM: mild Necr miscast
 75918 | Elf:3    | XOM: colour smoke trail
 76106 | Elf:3    | XOM: silly message
 76141 | Elf:3    | XOM: polymorph deep elf fighter -> brain worm
 76197 | Elf:3    | XOM: enchant monster (bad)
 76229 | Elf:3    | XOM: summons friendly quasit
 76239 | Elf:3    | XOM: cast spell 'Monstrous Menagerie'
 76297 | Elf:3    | XOM: give mutations
 76297 | Elf:3    | Gained mutation: Your mind is acute. (Int +2) [Xom's grace]
 76297 | Elf:3    | Gained mutation: Your flesh is very cold resistant. [Xom's grace]
 76297 | Elf:3    | Gained mutation: Your spells are much harder to cast, but much more powerful. [Xom's grace]
 76297 | Elf:3    | Gained mutation: You are very robust (+20% HP). [Xom's grace]
 76354 | Elf:3    | XOM: divination: detect creatures
 76479 | Elf:3    | XOM: summons 2 friendly demons
 76537 | Elf:3    | XOM: divine lightning
 76550 | Elf:3    | XOM: harmless Hex miscast
 76582 | Elf:3    | XOM: polymorph sixfirhy -> hellwing
 76585 | Elf:3    | XOM: polymorph hellwing -> blue devil
 76684 | Elf:3    | XOM: polymorph deep elf summoner -> death drake
 76687 | Elf:3    | XOM: divine lightning
 76695 | Elf:3    | XOM: cast spell 'Conjure Ball Lightning'
 76698 | Elf:3    | XOM: summons 5 friendly demons
 76716 | Elf:3    | XOM: summons friendly quasit
 76743 | Elf:3    | XOM: swap monsters
 76746 | Elf:3    | XOM: summons 6 friendly demons
 76747 | Elf:3    | XOM: enchant monster (good)
 76835 | Elf:3    | XOM: fake destruction
 76841 | Elf:3    | XOM: summons 16 friendly demons
 76844 | Elf:3    | XOM: cast spell 'Summon Butterflies'
 76845 | Elf:3    | XOM: summons friendly shadow imp
 76947 | Elf:3    | Gained mutation: You occasionally shout uncontrollably at your foes. [mutagenic glow]
 77019 | Elf:3    | XOM: vitrification
 77035 | Elf:3    | XOM: polymorph deep elf annihilator -> red draconian
 77090 | Elf:3    | XOM: swap monsters
 77094 | Elf:3    | XOM: cast spell 'Dispersal'
 77100 | Elf:3    | Lost mutation: Your spells are much harder to cast, but much more powerful. [mutagenic glow]
 77162 | Elf:3    | Gained mutation: Your body is slowly deteriorating. [mutagenic glow]
 77264 | Elf:3    | XOM: summons friendly shadow imp
 77328 | Elf:3    | XOM: divination: detect creatures
 77396 | Elf:3    | Lost mutation: You are very robust (+20% HP). [mutagenic glow]
 77628 | Elf:3    | Identified the Almanac of Burning Beguiling
 77634 | Elf:3    | Learned a level 3 spell: Spectral Weapon
 77705 | Elf:3    | Identified the Disquisition on Combat Magic
 77898 | Elf:1    | XOM: harmless Hex miscast
 78228 | Vaults:3 | Killed Boris
 78241 | Vaults:3 | XOM: harmless Divn miscast
 78274 | Crypt:1  | Entered Level 1 of the Crypt
 78291 | Crypt:1  | Noticed Boris
 78293 | Crypt:1  | Killed Boris
 78315 | Crypt:1  | XOM: harmless Necr miscast
 78700 | Crypt:1  | XOM: confuse monster(s)
 78924 | Crypt:1  | XOM: god gift: bread ration
 78958 | Crypt:1  | Reached XP level 22. HP: 135/135 MP: 36/42
 78960 | Crypt:1  | XOM: enchant monster (good)
 78996 | Crypt:1  | XOM: harmless Necr miscast
 79050 | Crypt:1  | XOM: summons friendly ufetubus
 79150 | Crypt:1  | XOM: summons 3 friendly demons
 79429 | Crypt:1  | XOM: cast spell 'Spider Form'
 79590 | Crypt:1  | XOM: cast spell 'Flight'
 79592 | Crypt:1  | XOM: harmless Tloc miscast
 79784 | Crypt:2  | XOM: cast spell 'Shadow Creatures'
 79893 | Crypt:2  | XOM: divination: detect creatures
 79933 | Crypt:2  | XOM: enchant monster (good)
 79940 | Crypt:2  | XOM: blink monster(s)
 79941 | Crypt:2  | XOM: harmless Fire miscast
 80263 | Crypt:2  | Noticed Xtahua
 80270 | Crypt:2  | Killed Xtahua
 80443 | Crypt:2  | XOM: divination: detect creatures
 80537 | Crypt:2  | XOM: potion effect (experience)
 80537 | Crypt:2  | Reached XP level 23. HP: 139/139 MP: 43/43
 80556 | Crypt:2  | Learned a level 6 spell: Haste
 80664 | Crypt:3  | Entered Level 3 of the Crypt
 80712 | Crypt:3  | XOM: harmless Fire miscast
 80762 | Crypt:3  | XOM: divination: magic mapping
 80794 | Crypt:3  | XOM: divination: detect items
 80852 | Crypt:3  | XOM: silly message
 80920 | Crypt:3  | Found a staircase to the Tomb.
 81161 | Crypt:3  | XOM: mild Divn miscast
 81163 | Crypt:3  | XOM: 2-stop teleportation journey
 81164 | Crypt:3  | Noticed an ancient lich
 81167 | Crypt:3  | XOM: silly message
 81194 | Crypt:3  | Killed an ancient lich
 81200 | Crypt:3  | XOM: blink monster(s)
 81211 | Crypt:3  | XOM: divine lightning
 81221 | Crypt:3  | XOM: confuse monster(s)
 81279 | Crypt:3  | XOM: enchant monster (good)
 81296 | Crypt:3  | XOM: vitrification
 81340 | Crypt:3  | Got a glittering steel ring
 81342 | Crypt:3  | Identified the ring of Smoen {+/*Tele Stlth+} (You found it on level 3 of the Crypt)
 81404 | Crypt:3  | Found an ancient bone altar of Kikubaaqudgha.
 81409 | Crypt:3  | XOM: confuse monster(s)
 81415 | Crypt:3  | XOM: cast spell 'Cause Fear'
 81443 | Crypt:3  | XOM: 2-stop teleportation journey
 81534 | Crypt:3  | Reached skill level 10 in Charms
 81558 | Crypt:3  | XOM: mild Fire miscast
 81568 | Crypt:3  | Got a heavily runed silver ring
 81568 | Crypt:3  | Got a brightly glowing golden ring
 81569 | Crypt:3  | Identified the ring of Beauty {rN+ SInv} (You found it on level 3 of the Crypt)
 81573 | Crypt:3  | Identified the ring "Stryat" {rN+ Dex+1 Int+3 Slay-1} (You found it on level 3 of the Crypt)
 81590 | Crypt:3  | XOM: potion effect (might)
 81736 | Crypt:3  | XOM: mild Ice miscast
 81748 | Crypt:3  | XOM: harmless Conj miscast
 81822 | Crypt:3  | XOM: blink monster(s)
 81839 | Crypt:3  | XOM: swap monsters
 81852 | Crypt:3  | XOM: silly message
 81860 | Crypt:3  | XOM: enchant monster (good)
 81865 | Crypt:3  | XOM: blink monster(s)
 81948 | Crypt:3  | XOM: summons friendly quasit
 82139 | Crypt:3  | XOM: potion effect (curing)
 82140 | Crypt:3  | XOM: enchant monster (good)
 82151 | Crypt:3  | XOM: enchant monster (good)
 82393 | Crypt:3  | XOM: harmless Summ miscast
 82676 | Crypt:3  | XOM: summons 14 friendly demons
 82681 | Crypt:3  | XOM: enchant monster (bad)
 82817 | Crypt:3  | XOM: summons 1 hostile demon
 82908 | Crypt:3  | XOM: 2-stop teleportation journey
 83011 | Crypt:3  | XOM: confusion (+ monsters)
 83067 | Crypt:3  | XOM: colour smoke trail
 83094 | Crypt:3  | XOM: harmless Divn miscast
 83131 | Crypt:3  | XOM: enchant monster (bad)
 83702 | Depths:1 | Entered Level 1 of the Depths
 83704 | D:15     | XOM: mild Divn miscast
 83787 | D:15     | XOM: colour smoke trail
 84077 | Depths:1 | Found a gateway to Hell.
 84192 | Depths:1 | XOM: 3-stop teleportation journey
 84314 | Depths:1 | XOM: summons 11 friendly demons
 84331 | Depths:1 | XOM: polymorph deep elf knight -> griffon
 84480 | Depths:1 | XOM: confuse monster(s)
 84498 | Depths:1 | XOM: summons 3 friendly demons
 84527 | Depths:1 | Reached XP level 24. HP: 145/145 MP: 43/43
 84553 | Depths:1 | Found a one-way gate leading to the halls of Pandemonium.
 84591 | Depths:1 | XOM: summons friendly white imp
 84605 | Depths:1 | XOM: vitrification
 84716 | Depths:1 | XOM: enchant monster (bad)
 84759 | Depths:1 | XOM: harmless Divn miscast
 84777 | Depths:1 | XOM: polymorph emperor scorpion -> siren
 85127 | Depths:2 | Found a gateway to a ziggurat.
 85142 | Depths:2 | XOM: divination: detect items
 85206 | Depths:2 | XOM: summons 3 friendly demons
 85207 | Depths:2 | XOM: enchant monster (bad)
 85313 | Depths:1 | Upgraded the game from 0.16-a0-148-g3b84123 to 0.16-a0-212-g3ed950e
 85661 | Depths:2 | XOM: enchant monster (good)
 85701 | Depths:2 | Got a scintillating lapis lazuli ring
 85703 | Depths:2 | Identified the ring of Civaxtoc {+Inv Dex-3 Int+2} (You found it on level 2 of the Depths)
 85815 | Depths:2 | Reached skill level 15 in Charms
 86081 | Depths:3 | Found a one-way gate to the infinite horrors of the Abyss.
 86133 | Depths:3 | Lost mutation: Your muscles are very strong. (Str +4) [potion of cure mutation]
 86133 | Depths:3 | Lost mutation: You can spit poison. [potion of cure mutation]
 86133 | Depths:3 | Lost mutation: You are robust (+10% HP). [potion of cure mutation]
 86133 | Depths:3 | Lost mutation: You are extremely resistant to the effects of hostile enchantments. [potion of cure mutation]
 86133 | Depths:3 | Lost mutation: Your muscles are strong. (Str +2) [potion of cure mutation]
 86159 | Depths:3 | XOM: summons friendly quasit
 86163 | Depths:3 | XOM: divination: detect creatures
 86317 | Depths:3 | XOM: cast spell 'Statue Form'
 86324 | Depths:3 | XOM: noise
 86334 | Depths:3 | XOM: divination: detect creatures
 86919 | Depths:3 | XOM: enchant monster (bad)
 87155 | Depths:3 | XOM: divination: magic mapping
 87158 | Depths:3 | XOM: cast spell 'Summon Ice Beast'
 87162 | Depths:3 | XOM: potion effect (heal wounds)
 87293 | Depths:3 | Found Coidiug's Book Shop.
 87532 | Depths:3 | XOM: enchant monster (good)
 87535 | Depths:3 | XOM: enchant monster (good)
 87643 | Depths:4 | XOM: enchant monster (good)
 87653 | Depths:4 | XOM: polymorph two-headed ogre -> hog
 87666 | Depths:4 | XOM: chaos upgrade
 87822 | Depths:1 | XOM: vitrification
 88057 | Vaults:5 | Entered Level 5 of the Vaults
 88061 | Vaults:5 | Reached skill level 24 in Dodging
 88089 | Vaults:5 | XOM: divination: detect creatures
 88093 | Vaults:5 | XOM: confuse monster(s)
 88104 | Vaults:5 | XOM: enchant monster (good)
 88107 | Vaults:5 | Noticed haldagan's ghost (great TrMo)
 88112 | Vaults:5 | XOM: cast spell 'Summon Dragon'
 88152 | Vaults:5 | XOM: 9-stop teleportation journey
 88201 | Vaults:5 | Killed haldagan's ghost
 88404 | Vaults:5 | Got a transparent buckler
 88411 | Vaults:5 | Identified the +2 buckler of the Present {+Rage rElec Dex+4 Int-1 Slay+5} (You found it on level 5 of the Vaults)
 88447 | Vaults:5 | XOM: potion effect (brilliance)
 88453 | Vaults:5 | Reached XP level 25. HP: 126/139 MP: 34/44
 88597 | Vaults:5 | Lost mutation: You have a pair of large horns on your head. [mutagenic glow]
 88657 | Vaults:5 | Identified the Reference Book on Contamination
 88692 | Vaults:5 | XOM: summons friendly iron imp
 88701 | Vaults:5 | Noticed an ancient lich
 88701 | Vaults:5 | XOM: potion effect (berserk rage)
 88712 | Vaults:5 | Killed an ancient lich
 88718 | Vaults:5 | XOM: potion effect (might)
 88792 | Vaults:4 | Lost mutation: You have a pair of horns on your head. [mutagenic glow]
 88843 | Vaults:5 | XOM: summons friendly shadow imp
 88856 | Vaults:5 | Gained mutation: Potions and wands are less effective at restoring your health. [mutagenic glow]
 88859 | Vaults:5 | XOM: potion effect (berserk rage)
 88961 | Vaults:5 | Lost mutation: Your spells are harder to cast, but more powerful. [mutagenic glow]
 89233 | Vaults:5 | Gained mutation: You have difficulty communicating with the divine. [mutagenic glow]
 89242 | Vaults:5 | Identified the Handbook of Nihilism (You found it on level 5 of the Vaults)
 89443 | Vaults:5 | Learned a level 2 spell: Ensorcelled Hibernation
 89447 | Vaults:5 | Learned a level 3 spell: Dazzling Spray
 89453 | Vaults:5 | Noticed an ancient lich
 89512 | Vaults:5 | Killed an ancient lich
 89514 | Vaults:5 | XOM: silly message
 89865 | Vaults:5 | Got a silver rune of Zot
 90300 | Depths:4 | XOM: cast spell 'Ring of Flames'
 90311 | Depths:4 | XOM: potion effect (brilliance)
 90312 | Depths:4 | XOM: summons 5 friendly demons
 90313 | Depths:4 | XOM: noise
 90347 | Depths:4 | XOM: polymorph tengu reaver -> golden dragon
 90349 | Depths:4 | Reached skill level 25 in Dodging
 90598 | Depths:4 | XOM: confuse monster(s)
 90605 | Depths:4 | XOM: noise
 90693 | Depths:4 | XOM: noise
 90812 | Depths:4 | XOM: summons 6 friendly demons
 90895 | Depths:4 | XOM: colour smoke trail
 91105 | Depths:4 | XOM: noise
 91665 | Depths:4 | XOM: give mutation
 91665 | Depths:4 | Lost mutation: You are highly resistant to hostile enchantments. [Xom's mischief]
 91842 | Depths:5 | Entered Level 5 of the Depths
 91849 | Depths:5 | XOM: repel stairs
 91856 | Depths:5 | XOM: noise
 91890 | Depths:5 | Reached XP level 26. HP: 147/147 MP: 43/44
 92128 | Depths:5 | Lost mutation: You are resistant to hostile enchantments. [mutagenic glow]
 92193 | Depths:5 | XOM: severe Trmt miscast
 92193 | Depths:5 | Gained mutation: Armour fits poorly on your strangely shaped body. [the severe capriciousness of Xom]
 92225 | Depths:5 | XOM: silly message
 92346 | Depths:5 | XOM: enchant monster (bad)
 92350 | Depths:5 | XOM: noise
 92378 | Depths:5 | XOM: give mutations
 92378 | Depths:5 | Lost mutation: You are very agile. (Dex +4) [Xom's mischief]
 92378 | Depths:5 | Lost mutation: Your body is slowly deteriorating. [Xom's mischief]
 92517 | Depths:5 | XOM: severe Pois miscast
 92578 | Depths:5 | XOM: chaos upgrade
 92637 | Depths:5 | Found a gate to the Realm of Zot.
 92889 | Depths:5 | XOM: noise
 92970 | Depths:5 | Found a viscous altar of Jiyva.
 93099 | Depths:5 | XOM: swap weapons
 93159 | Depths:5 | XOM: polymorph golden dragon -> acid blob
 93331 | Depths:5 | XOM: colour smoke trail
 93345 | Depths:5 | XOM: medium Divn miscast
 93400 | Depths:5 | XOM: medium Fire miscast
 93420 | Depths:5 | XOM: swap monsters
 93515 | Depths:5 | XOM: 6-stop teleportation journey
 93764 | Depths:5 | XOM: divination: detect creatures
 93775 | Depths:5 | XOM: polymorph tengu reaver -> acid blob
 93797 | Depths:5 | XOM: medium Trmt miscast
 93801 | Depths:5 | XOM: divine lightning (protected)
 94159 | Depths:5 | XOM: silly message
 94303 | Depths:5 | XOM: summons 9 friendly demons
 94310 | Depths:5 | XOM: harmless Divn miscast
 94425 | Depths:5 | XOM: harmless Divn miscast
 94434 | Zot:1    | Entered Level 1 of the Realm of Zot
 94635 | Zot:1    | XOM: silly message
 94649 | Zot:1    | XOM: silly message
 94865 | Zot:1    | XOM: potion effect (agility)
 94867 | Zot:1    | XOM: cast spell 'Dispersal'
 94873 | Zot:1    | XOM: noise
 94885 | Zot:1    | XOM: potion effect (curing)
 94891 | Zot:1    | XOM: silly message
 94900 | Zot:1    | Reached skill level 26 in Dodging
 95031 | Zot:1    | XOM: confuse monster(s)
 95120 | Depths:5 | XOM: vitrification
 95241 | Zot:1    | XOM: colour smoke trail
 95429 | Zot:1    | Gained mutation: Your magical capacity is low (-10% MP). [mutagenic glow]
 95530 | Zot:1    | XOM: harmless Divn miscast
 95757 | Zot:1    | XOM: colour smoke trail
 95825 | Zot:1    | XOM: polymorph yellow draconian -> dire elephant
 95841 | Zot:1    | XOM: polymorph acid blob -> titan
 96404 | Zot:2    | XOM: harmless Divn miscast
 96697 | Zot:2    | Reached XP level 27. HP: 146/154 MP: 37/40
 97310 | D:11     | You paid a toll of a wand of heal wounds (9) to enter a treasure trove
 97311 | Trove    | Entered a treasure trove
 97340 | Trove    | Got a smoking copper amulet
 97346 | Trove    | Identified the amulet of the Original Sin {Ward +Fly rElec rN+ Int+1 SInv Stlth+} (You found it in a treasure trove)
 97349 | Trove    | Got an ichor-stained robe
 97350 | Trove    | Identified the cursed +0 robe of the New World {+Fly rPois MR+ Str+2 Dex+2 Slay+5 Stlth+} (You found it in a treasure trove)
 97704 | Zot:1    | XOM: noise
 97820 | Zot:3    | XOM: mild Hex miscast
 97871 | Zot:3    | XOM: divination: magic mapping
 97965 | Zot:3    | XOM is BORED!
 97965 | Zot:3    | XOM: medium Necr miscast
 98313 | Zot:4    | XOM: cast spell 'Dispersal'
 98413 | Zot:4    | XOM: blink monster(s)
 98425 | Zot:4    | XOM: enchant monster (bad)
 98485 | Zot:4    | Noticed an orb of fire
 98485 | Zot:4    | Gained mutation: You tend to lose your temper in combat. [an orb of fire]
 98490 | Zot:4    | Noticed an orb of fire
 98491 | Zot:4    | XOM: divine lightning
 98494 | Zot:4    | Noticed an orb of fire
 98494 | Zot:4    | XOM: noise
 98504 | Zot:4    | Killed an orb of fire
 98604 | Zot:5    | XOM: stealth player
 98604 | Zot:5    | Entered Level 5 of the Realm of Zot
 98624 | Zot:5    | XOM: summons friendly quasit
 98627 | Zot:5    | XOM: stat loss: -1 Dex (35/35)
 98632 | Zot:5    | XOM: swap monsters
 98711 | Zot:5    | XOM: confusion (+ monsters)
 98773 | Zot:5    | Reached skill level 27 in Dodging
 98903 | Zot:5    | Lost mutation: Potions and wands are less effective at restoring your health. [mutagenic glow]
 98972 | Zot:5    | XOM: harmless Necr miscast
 99171 | Zot:5    | XOM: 1-stop teleportation journey
 99175 | Zot:5    | Noticed an ancient lich
 99180 | Zot:5    | XOM: polymorph moth of wrath -> eye of devastation
 99182 | Zot:5    | Killed an ancient lich
 99189 | Zot:5    | Reached skill level 27 in Stealth
 99204 | Zot:5    | Noticed an ancient lich
 99218 | Zot:5    | Killed an ancient lich
 99331 | Zot:5    | Noticed an orb of fire
 99332 | Zot:5    | Gained mutation: Your magical capacity is very low (-20% MP). [an orb of fire]
 99334 | Zot:5    | Noticed an orb of fire
 99337 | Zot:5    | HP: 1/157 [orb of fire/fireball (55)]
 99338 | Zot:5    | Killed by an exploding ball lightning

Action                   |  1- 3 |  4- 6 |  7- 9 | 10-12 | 13-15 | 16-18 | 19-21 | 22-24 | 25-27 || total
-------------------------+-------+-------+-------+-------+-------+-------+-------+-------+-------++-------
Melee: Short sword       |    73 |       |       |       |   837 |    91 |   315 |  1573 |  1823 ||  4712
       Dagger            |     8 |   194 |   569 |  1009 |  1680 |  5051 |  3225 |   554 |       || 12290
       Unarmed           |       |       |     4 |       |     4 |       |       |       |       ||     8
       Spear             |       |       |       |       |       |    52 |       |       |       ||    52
       Hand axe          |       |       |       |       |       |    22 |       |       |       ||    22
       Flail             |       |       |       |       |       |       |    25 |       |     7 ||    32
       Long sword        |       |       |       |       |       |       |    13 |       |       ||    13
 Fire: Blowgun           |       |       |    28 |   114 |    63 |       |     4 |       |       ||   209
Throw: Stone             |    13 |    11 |     4 |       |       |       |       |       |       ||    28
       Tomahawk          |       |    24 |    11 |     1 |       |       |       |       |       ||    36
 Cast: Confuse           |       |       |       |       |       |     1 |     2 |     3 |       ||     6
       Invisibility      |       |       |       |       |       |     1 |    11 |     9 |    24 ||    45
       Confusing Touch   |       |       |       |       |       |       |     1 |       |       ||     1
       Repel Missiles    |       |       |       |       |       |       |     1 |     1 |     1 ||     3
       Discord           |       |       |       |       |       |       |       |     2 |     1 ||     3
       Silence           |       |       |       |       |       |       |       |     1 |     2 ||     3
       Spectral Weapon   |       |       |       |       |       |       |       |     1 |       ||     1
 Abil: Breathe Fire      |       |       |       |       |     1 |       |       |       |       ||     1
       Evoke Flight      |       |       |       |       |       |       |       |       |     1 ||     1
Evoke: Wand              |       |     1 |    34 |    27 |    17 |    24 |     1 |     7 |     2 ||   113
  Use: Scroll            |     1 |     8 |     8 |     8 |    26 |    29 |    20 |     7 |    21 ||   128
       Potion            |       |       |     1 |     3 |    15 |    15 |     8 |    16 |     8 ||    66
 Stab: Sleeping          |     2 |    11 |    21 |    52 |   102 |    82 |   135 |    72 |    26 ||   503
       Paralysed         |     1 |       |       |     1 |     2 |     1 |     1 |     1 |       ||     7
       Confused          |       |     1 |     2 |     6 |    14 |    16 |    24 |     8 |     6 ||    77
       Distracted        |       |     1 |     7 |     6 |    24 |    39 |    26 |    31 |     9 ||   143
       Invisible         |       |       |       |     7 |     1 |     8 |    35 |    38 |   137 ||   226
       Betrayed ally     |       |       |       |     1 |       |       |       |       |       ||     1
       Petrifying        |       |       |       |       |     4 |     2 |       |     1 |       ||     7
       Petrified         |       |       |       |       |     1 |       |     2 |     3 |       ||     6
       Fleeing           |       |       |       |       |     3 |       |       |     1 |       ||     4
  Eat: Bread ration      |       |     1 |     1 |     1 |       |     1 |     4 |     3 |     4 ||    15
       Pizza             |       |       |       |     1 |       |     2 |     2 |     1 |     2 ||     8
       Fruit             |       |       |       |     4 |    16 |    12 |    12 |       |     2 ||    46
       Royal jelly       |       |       |       |       |       |    17 |     4 |       |     6 ||    27
